 Dungeon Crawl Stone Soup version 0.30.0-29-ga12c61a403 (webtiles) character file.

Game seed: 4426108735943292789

670313 qw the Slayer (level 27, 23/23 HPs)
             Began as a Gargoyle Fighter on June 4, 2023.
             Was a High Priest of the Shining One.
             Quit the game on level 2 of the Tomb of the Ancients.
             The game lasted 01:14:44 (85883 turns).

qw the Slayer (Gargoyle Fighter)                   Turns: 85883, Time: 01:14:44

Health: 23/23      AC: 55    Str: 35      XL:     27
Magic:  36/36      EV: 22    Int: 11 (12) God:    the Shining One [*****.]
Gold:   3609       SH: 21    Dex: 11 (12) Spells: 26/26 levels left

rFire   + . .        P - +8 broad axe of Xyegubou {freeze, rElec Dex+2 Stlth+}
rCold   + . .        e - +0 tower shield
rNeg    + + +        I - +2 gold dragon scales
rPois   inf          (helmet restricted)
rElec   +            N - +4 dragonskin cloak
rCorr   +            w - +0 pair of gloves of the Farmer {rCorr Str+4}
SInv    .            l - +2 pair of boots of Tenacity {Dex+3}
Will    +++..        k - amulet of faith Stlth
                     z - +5 ring of evasion
HPRegen 1.03/turn    g - +5 ring of evasion
MPRegen 0.25/turn

%: faith
@: flying, glowing, bezotted
A: sickness immunity, AC +20, big wings, negative energy resistance 1,
electricity resistance, torment resistance 1, petrification resistance, horns 1,
clumsy 1, deformed body, strong-willed 1, sense surroundings 1, regeneration 1,
wild magic 2, noise suppression
}: 5/15 runes: serpentine, barnacled, slimy, silver, golden
a: Renounce Religion, Divine Shield, Cleansing Flame, Summon Divine Warrior


You were on level 2 of the Tomb of the Ancients.
You worshipped the Shining One.
The Shining One was extremely pleased with you.
You visited 12 branches of the dungeon, and saw 55 of its levels.
You visited 1 bazaar.
You also visited: Ossuary and Wizlab.

You collected 9209 gold pieces.
You spent 5600 gold pieces at shops.


Innate Abilities, Weirdness & Mutations

You are immune to sickness and miasma.
Your stone body is resilient. (AC +20)
You are immune to poison.
Your large and strong wings let you fly.
You resist negative energy. (rN+)
You are resistant to electric shocks. (rElec)
You are resistant to unholy torment.
You are immune to petrification.
You have a pair of small horns on your head.
You are clumsy. (Dex -2)
Armour fits poorly on your strangely shaped body.
You are strong-willed. (Will+)
You passively map a small area around you.
Your natural rate of healing is unusually fast.
Your spells are harder to cast, but more powerful.
You passively dampen the noise of your surroundings.


   Skills:
 - Level 26.6 Fighting
 - Level 18.0 Axes
 - Level 12.0 Throwing
 - Level 26.1 Armour
 - Level 11.0 Dodging
 - Level 22.2 Shields
 + Level 18.3 Invocations


You had 26 spell levels left.
You didn't know any spells.
Your spell library was empty.

Inventory:

Hand Weapons
 A - the +11 broad axe of Atruk {vamp, Str+3}
   (Okawaru gifted it to you on level 2 of the Lair of Beasts)

   Str:       It affects your strength (+3).
   The Shining One disapproves of the use of such an item.
 O - a +9 broad axe of holy wrath
 P - the +8 broad axe of Xyegubou (weapon) {freeze, rElec Dex+2 Stlth+}
   (You acquired it on level 5 of the Pits of Slime)

   Dex:       It affects your dexterity (+2).
   rElec:     It insulates you from electricity.
   Stlth:     It makes you more stealthy.
Armour
 e - a +0 tower shield (worn)
 h - a +2 crystal plate armour
 l - the +2 pair of boots of Tenacity (worn) {Dex+3}
   (You found it on level 1 of the Vaults)

   Dex:       It affects your dexterity (+3).
 w - the +0 pair of gloves of the Farmer (worn) {rCorr Str+4}
   (You acquired it on level 3 of the Vaults)

   Str:       It affects your strength (+4).
   rCorr:     It protects you from acid and corrosion.
 y - the +2 cloak "Qangonk" {+Inv rC- Str+5}
   (You found it on level 10 of the Dungeon)

   Str:       It affects your strength (+5).
   rC:        It makes you vulnerable to cold.
   +Inv:      It lets you turn invisible.
 D - the +0 tower shield of the Cuttlefish {Harm Dex+6}
   (Okawaru gifted it to you on level 2 of the Realm of Zot)

   Dex:       It affects your dexterity (+6).
   Harm:      It increases damage dealt and taken.
 I - +2 gold dragon scales (worn)
 N - the +4 dragonskin cloak (worn)
   (You took it off Tiamat on level 3 of the Realm of Zot)

   Avatar's Aegis: It grants the wearer a chance to resist fire, cold, poison,
   electricity, acid, and negative energy.
Jewellery
 b - the ring "Fomuymy" {Ice Dex+2 Slay+5}
   (You took it off Josephina on level 4 of the Realm of Zot)

   [ring of ice]

   It enhances your ice magic.
   Dex:       It affects your dexterity (+2).
   Slay:      It affects your accuracy & damage with ranged weapons and melee
   (+5).
   rF:        It makes you vulnerable to fire.
   rC:        It protects you from cold.
 g - a +5 ring of evasion (right hand)
 j - the ring "Nink" {Fire Stlth+}
   (You found it on level 6 of the Dungeon)

   [ring of fire]

   It enhances your fire magic.
   rF:        It protects you from fire.
   rC:        It makes you vulnerable to cold.
   Stlth:     It makes you more stealthy.
 k - an amulet of faith (around neck)
 r - a ring of protection from cold
 z - a +5 ring of evasion (left hand)
 B - the amulet "Ziatsag" {Faith Fragile Fly rElec Slay+4}
   (You found it on level 5 of the Pits of Slime)

   [amulet of faith]

   It allows you to gain divine favour quickly.
   Slay:      It affects your accuracy & damage with ranged weapons and melee
   (+4).
   rElec:     It insulates you from electricity.
   Fly:       It grants you flight.
   Fragile:   It will be destroyed if unequipped.
 E - a ring of fire
 G - an amulet of reflection
 M - a ring of protection from cold
Wands
 n - a wand of digging (41)
Scrolls
 a - 20 scrolls of teleportation
 i - 24 scrolls of identify
 F - 7 scrolls of enchant weapon
 L - 2 scrolls of brand weapon
Potions
 c - 9 potions of attraction
 d - 9 potions of might
 f - 29 potions of curing
 m - 4 potions of cancellation
 p - 19 potions of lignification
 q - 12 potions of heal wounds
 s - 6 potions of haste
 v - 8 potions of magic
 x - 6 potions of resistance

Dungeon Overview and Level Annotations

Branches:
Dungeon (15/15)            Temple (1/1) D:5            Lair (5/5) D:10
 Shoals (4/4) Lair:2        Snake (4/4) Lair:2        Slime (5/5) Lair:4
    Orc (2/2) D:11            Elf (0/3) Orc:2        Vaults (5/5) D:14
  Crypt (3/3) Vaults:3       Tomb (3/3) Crypt:3 Zot: 546  Depths (4/4) D:15
    Zot (4/5) Depths:4    Ossuary (visited)          WizLab (visited)

Altars:
Ashenzari
Cheibriados
Dithmenos
Elyvilon
Fedhas
Gozag
Hepliaklqana
Kikubaaqudgha
Makhleb
Nemelex Xobeh
Okawaru
Qazlal
Ru
Sif Muna
Trog
Uskayaw
Vehumet
Wu Jian
Xom
Yredelemnul
Zin
The Shining One

Shops:
D:4 *   D:7 *   D:9 [   D:14 ?   Orc:2 ?=*[   Shoals:3 ?([*   Snake:2 :==
Snake:4 =[   Vaults:2 ?   Vaults:4 (:(!(   Depths:2 =   Depths:3 *

Portals:
Hell: Depths:1 Depths:2 Depths:3 Depths:4
Abyss: Depths:3
Pandemonium: Orc:2 Depths:1 Depths:2
Ziggurat: Depths:3
Trove: D:14 (give +7 demon trident)

Annotations:
D:6 1 runed translucent door, qw's ghost, novice GrFi
D:10 1 runed translucent door, Ukhluk's ghost, journeyman TrMo
Lair:2 2 transporters, qw's ghost, journeyman GrFi
Lair:5 1 runed translucent door
Shoals:4 1 runed translucent door


Message History

Enter note:
Enter note:
Enter note:
Enter note:
Enter note:
Enter note:
Enter note:
Enter note:
Enter note: You fly downwards.
The hatch slams shut behind you.
Waypoint 54 re-assigned to Tomb:2.
Enter note:
Enter note:
Enter note:
Enter note:
Enter note:
Enter note:
Enter note: Done exploring.
Welcome back, qw the Gargoyle Fighter.
The Shining One says: Lead the forces of light to victory!
Press ? for a list of commands and other information.
Options error: Missing colour in message_colour setting: 'then' Waypoint 54 re-assigned to Tomb:2.
Enter note: ch_force_autopickup failed: [string "/dgldir/rcfiles/crawl-bot-0.30/qwlua.rc"]:1585: attempt to index local 'plan' (a nil value) x6
Enter note: ch_force_autopickup failed: [string "/dgldir/rcfiles/crawl-bot-0.30/qwlua.rc"]:1585: attempt to index local 'plan' (a nil value) x6
Enter note: ch_force_autopickup failed: [string "/dgldir/rcfiles/crawl-bot-0.30/qwlua.rc"]:1585: attempt to index local 'plan' (a nil value) x6
Enter note: ch_force_autopickup failed: [string "/dgldir/rcfiles/crawl-bot-0.30/qwlua.rc"]:1585: attempt to index local 'plan' (a nil value) x6
Enter note: ch_force_autopickup failed: [string "/dgldir/rcfiles/crawl-bot-0.30/qwlua.rc"]:1585: attempt to index local 'plan' (a nil value) x6
Enter note: ch_force_autopickup failed: [string "/dgldir/rcfiles/crawl-bot-0.30/qwlua.rc"]:1585: attempt to index local 'plan' (a nil value) x6
Enter note: ch_force_autopickup failed: [string "/dgldir/rcfiles/crawl-bot-0.30/qwlua.rc"]:1585: attempt to index local 'plan' (a nil value) x6
85869 ||| PLANNING DEPTHS Are you sure you want to abandon this character and quit the game? (Confirm with "yes".)

#..^..'......................#..
#.....#......................#.(
#.....#.^.....##.............#..
#.....#.##.....##........##..#..
#.....#.##...............##..#.)
#.....#!.....................#..
#.....#......................###
#...^.#......................#.^
###'###........@.............#..
#..^..##############'#########..
#......#........#..^^^.#^.......
#.....^'.)......#.^....#........
#......#........#...^..#........
#......#.....^..#......#>....^..
################################


There were no monsters in sight!

Vanquished Creatures
  the Royal Jelly (Slime:5)
  2 dread liches (Vaults:5)
  Tiamat (Zot:3)
  3 juggernauts
  20 royal mummies
  Josephina (Zot:4)
  Saint Roka (Vaults:4)
  A curse toe (Zot:4)
  Vashnia (Snake:2)
  12 golden dragons
  Nikola (Snake:4)
  A Hellbinder (WizLab)
  2 bone dragons (Crypt:3)
  An electric golem (Zot:2)
  2 shard shrike zombies
  13 tentacled monstrosities
  Jorgrun (D:14)
  9 liches
  Asterion (Depths:1)
  9 deep elf blademasters
  A walking earthen tome (Depths:2)
  A walking crystal tome (Depths:3)
  A walking divine tome (Depths:3)
  13 titans
  Mlioglotl (Shoals:2)
  A walking frostbound tome (Depths:3)
  18 acid blobs
  6 deep elf master archers
  Frances (D:12)
  8 ancient champions
  A kraken (Shoals:1)
  5 quicksilver dragons
  7 death cobs
  11 sphinxes
  Donald (Vaults:4)
  13 shadow dragons
  9 tengu reavers
  6 storm dragons
  10 draconian monks
  18 fire giants
  6 azure jellies
  6 nagarajas (Snake:4)
  4 rockslimes
  Aizul (Snake:3)
  7 iron dragons
  16 frost giants
  5 draconian knights
  9 vault wardens
  4 draconian scorchers
  4 draconian stormcallers
  A balrug (WizLab)
  3 curse skulls
  7 draconian shifters
  3 orc warlords
  14 ironbound preservers
  A war gargoyle (Vaults:5)
  A cacodemon (WizLab)
  7 ghouls
  11 draconian annihilators
  19 very ugly things
  3 reapers
  41 stone giants
  A spriggan defender (Depths:3)
  8 quicksilver oozes (Slime:5)
  2 vampire knights
  19 green draconians
  Nessos (D:14)
  A demonspawn black sun (WizLab)
  11 ironbound thunderhulks
  Azrael (Orc:2)
  15 white draconians
  3 lorocyprocas (WizLab)
  2 deep elf demonologists (Vaults:5)
  11 dire elephants
  7 bennus
  18 black draconians
  10 red draconians
  6 spark wasps
  14 purple draconians
  7 eidola
  13 yellow draconians
  9 ettins
  8 fire dragons
  3 blizzard demons
  5 merfolk impalers
  2 deep elf death magi
  14 jiangshi
  13 mummy priests
  2 entropy weavers
  10 merfolk javelineers
  17 yaktaur captains
  2 crystal guardians
  A deep elf high priest (Vaults:5)
  4 peacekeepers
  6 ice dragons
  A juggernaut simulacrum (Depths:1)
  3 hell beasts
  An entropy weaver (shapeshifter) (Vaults:5)
  A fenstrider witch zombie (Crypt:1)
  33 vault guards
  A hydra (shapeshifter) (Depths:4)
  4 spriggan air magi
  6 great orbs of eyes
  5 hydras
  2 salamander tyrants (Snake:4)
  5 catoblepae
  Erolcha (Orc:2)
  7 ironbound frosthearts
  4 rakshasas
  An ogre mage (Vaults:5)
  11 two-headed ogres
  5 anacondas
  4 alligator snapping turtles
  9 boulder beetles
  5 merfolk aquamancers
  4 merfolk avatars
  2 fenstrider witch skeletons
  3 demonspawn (Orc:2)
  12 centaur warriors
  8 deep troll shamans
  2 death knights
  20 death scarabs
  14 death yaks (Lair:5)
  10 deep troll earth magi
  16 naga warriors
  2 tengu warriors (Depths:4)
  A bennu skeleton (Crypt:2)
  5 orc high priests (Orc:2)
  7 vampire magi
  7 shock serpents
  20 naga sharpshooters
  3 spriggan berserkers
  2 sun demons (WizLab)
  An emperor scorpion zombie (Crypt:1)
  23 hell knights
  9 deep elf knights
  3 soul eaters
  36 skeletal warriors
  3 sixfirhies
  A salamander mystic (Snake:4)
  5 skysharks
  An iron giant zombie (Crypt:1)
  15 iron trolls
  A spectral anaconda (Snake:2)
  5 flayed ghosts
  53 deep trolls
  A spark wasp zombie (D:15)
  4 glowing orange brains
  10 sea snakes
  3 shadow demons
  A bog body (Crypt:1)
  5 phantasmal warriors
  10 deep elf archers
  3 anaconda skeletons
  17 harpies
  2 naga ritualists
  20 ironbound convokers
  9 necromancers
  3 wizards
  18 lindwurms
  2 bunyip skeletons
  An obsidian statue (Tomb:1)
  7 deep elf zephyrmancers
  An iron dragon zombie (Crypt:3)
  A jorogumo zombie (Crypt:2)
  10 orc knights
  13 manticores
  A mana viper (shapeshifter) (Depths:3)
  17 ugly things
  9 deep elf pyromancers
  8 orc sorcerers
  A stone giant zombie (D:15)
  4 oklob plants (Lair:1)
  A wolf spider (Lair:5)
  9 salamanders
  9 fauns
  3 mana vipers
  24 moths of wrath
  A shining eye (shapeshifter) (Vaults:2)
  9 elephants
  7 cyclopes
  5 shining eyes
  2 guardian serpents
  11 merfolk sirens
  4 water nymphs
  4 rust devils (WizLab)
  27 black mambas
  18 naga magi
  An eye of devastation (Slime:5)
  Maurice (Orc:2)
  12 cane toads
  An eleionoma skeleton (Crypt:3)
  2 frost giant skeletons
  15 vault sentinels
  An orange demon (WizLab)
  A gargoyle (D:12)
  5 torpor snails (Lair:5)
  10 komodo dragons
  4 swamp worm zombies (Crypt:2)
  4 unseen horrors
  3 rime drakes (Lair:5)
  A spectral sea snake (Snake:2)
  An efreet (D:14)
  A freezing wraith (Crypt:1)
  27 yaktaurs
  45 guardian mummies
  3 tengu conjurers
  A black draconian skeleton (Crypt:2)
  2 anaconda simulacra
  2 polar bears
  5 ice devils
  2 hellwings
  7 tyrant leeches
  A mana viper skeleton (Crypt:3)
  A merfolk (shapeshifter) (Vaults:5)
  6 wind drakes
  3 red devils (WizLab)
  7 trolls
  33 merfolk
  3 harpy skeletons
  3 sea snake skeletons (Snake:2)
  Prince Ribbit (D:7)
  A tengu simulacrum (Depths:1)
  11 hornets
  A tarantella (shapeshifter) (Vaults:5)
  6 dream sheep
  11 snapping turtles
  10 blink frogs
  A moth of wrath zombie (Crypt:3)
  A fire giant simulacrum (Depths:1)
  A draconian simulacrum (Zot:4)
  19 flying skulls
  3 guardian serpent skeletons (Snake:2)
  4 wraiths
  A culicivora (Vaults:2)
  3 spriggans (Depths:1)
  4 vampires
  A fire dragon skeleton (Crypt:1)
  2 ettin skeletons
  38 yaks
  82 slime creatures
  6 wyverns
  21 ushabtiu
  6 basilisks
  3 fire elementals (Orc:2)
  16 water elementals
  6 golden eyes (Slime:5)
  A hog (shapeshifter) (Vaults:5)
  Grum (Lair:1)
  A chaos spawn (WizLab)
  7 steam dragons
  5 vampire mosquitoes (D:12)
  A purple draconian simulacrum (Zot:4)
  A wind drake skeleton (Crypt:3)
  A black mamba skeleton (Tomb:2)
  2 redbacks (Vaults:2)
  2 sea snake simulacra (Snake:2)
  3 neqoxecs (WizLab)
  A swamp worm (shapeshifter) (Vaults:5)
  50 nagas
  3 acid dragons
  A merfolk zombie (Crypt:1)
  2 moth of wrath simulacra (Zot:4)
  4 wargs
  2 hell hounds (Orc:2)
  18 water moccasins
  2 floating eyes
  A meliai simulacrum (D:15)
  29 orc warriors
  A swamp dragon zombie (Crypt:1)
  A black bear (D:5)
  2 ice beasts
  7 ogres
  18 wolves
  14 centaurs
  A kobold brigand (D:7)
  A fire crab zombie (Crypt:3)
  A vine stalker zombie (Crypt:3)
  11 bullfrogs
  3 necrophages
  6 scorpions
  An elf skeleton (Crypt:3)
  8 wights
  4 killer bees (D:9)
  3 spectral nagas (Snake:2)
  5 howler monkeys
  A wolf zombie (Crypt:2)
  An electric eel (D:6)
  A basilisk zombie (Crypt:2)
  31 orc priests
  5 hounds
  5 jellies
  A centaur skeleton (Crypt:2)
  3 sleepcaps
  Jessica (D:3)
  A boggart zombie (Crypt:1)
  7 iguanas
  Natasha (thrice) (D:3)
  17 orc wizards
  A human skeleton (Crypt:2)
  A killer bee zombie (Crypt:1)
  A sky beast zombie (Crypt:1)
  A deep dwarf skeleton (Crypt:2)
  3 naga skeletons
  A hound skeleton (Crypt:1)
  29 mummies
  An adder (D:4)
  4 gnolls (D:5)
  3 naga simulacra (Snake:2)
  A swamp drake skeleton (Crypt:3)
  2 shadow imps
  2 white imps
  An adder zombie (Crypt:1)
  An iguana zombie (Crypt:3)
  A worm (D:2)
  9 dart slugs
  91 orcs
  9 endoplasms
  3 giant cockroaches
  12 goblins
  8 hobgoblins
  7 jackals
  2 quokkas
  9 ball pythons
  10 bats
  2 frilled lizards
  2 gnoll skeletons (Ossuary)
  3 gnoll zombies (Ossuary)
  A goblin skeleton (Ossuary)
  A goblin zombie (Crypt:2)
  A hobgoblin zombie (Ossuary)
  A jackal zombie (Crypt:1)
  16 kobolds
  2 kobold skeletons (Ossuary)
  A kobold zombie (Ossuary)
  2 orc zombies (Ossuary)
  5 rats
  7 rat skeletons (Ossuary)
  2 spectral weapons (Depths:1)
  3 tentacles (Shoals:1)
2389 creatures vanquished.

Vanquished Creatures (collateral kills)
  9 royal mummies
  Boris (twice) (Crypt:3 Tomb:2)
  A lich (Crypt:3)
  A sphinx (Tomb:1)
  A revenant (Tomb:1)
  2 ghouls (Crypt:3)
  3 bennus (Tomb:3)
  A white draconian (Tomb:1)
  5 mummy priests
  2 death scarabs
  A shadow wraith (Crypt:3)
  A bog body (Crypt:3)
  A phantasmal warrior (Crypt:3)
  8 guardian mummies
  A harpy zombie (Tomb:2)
  5 flying skulls (Tomb:3)
  5 ushabtiu
  2 necrophages (Crypt:3)
  3 mummies
54 creatures vanquished.

Vanquished Creatures (others)
  A fire giant (Depths:1)
  A green draconian (Zot:1)
  A red draconian (Zot:4)
  A mummy priest (Tomb:3)
  A mana viper (Snake:1)
  A neqoxec (WizLab)
  A naga (Snake:4)
  An orc wizard (D:10)
  An adder (D:6)
  4 tentacles (Shoals:1)
13 creatures vanquished.

Grand Total: 2456 creatures vanquished

Notes
Turn   | Place    | Note
-------+----------+-------------------------------------------
     0 | D:1      | qw the Gargoyle Fighter began the quest for the Orb.
     0 | D:1      | Reached XP level 1. HP: 14/14 MP: 1/1
     0 | D:1      | 0 ||| qw: Version: 0.2-a-107-g4668610
     0 | D:1      | 0 ||| qw: Game counter: 1249
     0 | D:1      | 0 ||| qw: Always use a shield: true
     0 | D:1      | 0 ||| qw: God list: Okawaru
     0 | D:1      | 0 ||| qw: Allow faded altars: false
     0 | D:1      | 0 ||| qw: Do Orc after D:15 true
     0 | D:1      | 0 ||| qw: Do second Lair branch before Depths: true
     0 | D:1      | 0 ||| qw: Lair rune preference: random
     0 | D:1      | 0 ||| qw: Plans: Normal, Zot:1-4, Slime:5, God:TSO, Crypt,
                  | Tomb, Abyss, Pan, Hells, Win
     0 | D:1      | 0 ||| PLANNING D:1-11
    83 | D:1      | 83 ||| Stepping ~*~*~tactically~*~*~ (hiding).
   147 | D:1      | 147 ||| Stepping ~*~*~tactically~*~*~ (stealth).
   238 | D:1      | Reached XP level 2. HP: 19/19 MP: 2/2
   576 | D:1      | Reached skill level 3 in Axes
   826 | D:1      | Reached XP level 3. HP: 23/23 MP: 3/3
   881 | D:1      | 881 ||| UPGRADING to +0 plate armour.
   891 | D:1      | 891 ||| DROPPING +0 scale mail.
   892 | D:1      | 892 ||| UPGRADING to +0 cloak.
   897 | D:1      | 897 ||| READING 2 scrolls labelled GIESUSTUTUR.
   901 | D:1      | 901 ||| READING 2 scrolls labelled OSHRUWKE DESTERPH.
   902 | D:1      | 902 ||| READING scroll labelled BIKYIKO QERHI.
  1161 | D:2      | Found a burning altar of Makhleb.
  1177 | D:2      | Identified the ring of Radoq {+Blink Str+6 Int+3 Dex+3}
  1445 | D:2      | 1445 ||| Stepping ~*~*~tactically~*~*~ (stealth).
  1601 | D:2      | 1601 ||| SWAPPING to +1 war axe of flaming.
  1602 | D:2      | 1602 ||| DROPPING +0 mace.
  1603 | D:2      | 1603 ||| DROPPING +0 war axe.
  1922 | D:2      | 1922 ||| UPGRADING to +0 plate armour of cold resistance.
  1932 | D:2      | 1932 ||| DROPPING +0 plate armour.
  1933 | D:2      | 1933 ||| UPGRADING to ring of Radoq {+Blink Str+6 Int+3
                  | Dex+3}.
  1934 | D:2      | 1934 ||| READING scroll labelled NETEGG ZYUMURET.
  1961 | D:3      | Noticed Jessica
  1971 | D:3      | Killed Jessica
  1972 | D:3      | Reached XP level 4. HP: 24/28 MP: 4/4
  2035 | D:3      | Noticed Natasha
  2036 | D:3      | 2036 ||| Stepping ~*~*~tactically~*~*~ (hiding).
  2041 | D:3      | Killed Natasha
  2055 | D:3      | 2055 ||| Stepping ~*~*~tactically~*~*~ (stealth).
  2056 | D:3      | 2056 ||| Stepping ~*~*~tactically~*~*~ (stealth).
  2118 | D:3      | Found a faded altar of an unknown god.
  2158 | D:3      | Noticed Natasha
  2159 | D:3      | 2159 ||| Stepping ~*~*~tactically~*~*~ (hiding).
  2167 | D:3      | Killed Natasha
  2168 | D:3      | Reached XP level 5. HP: 28/32 MP: 5/5
  2184 | D:3      | Found a white marble altar of Elyvilon.
  2191 | D:3      | Found a blossoming altar of Fedhas.
  2192 | D:3      | Found a snail-covered altar of Cheibriados.
  2192 | D:3      | Found a glowing golden altar of the Shining One.
  2288 | D:3      | Noticed Natasha
  2306 | D:3      | 2306 ||| Stepping ~*~*~tactically~*~*~ (hiding).
  2312 | D:3      | Killed Natasha
  2626 | D:3      | 2626 ||| UPGRADING to +0 pair of gloves.
  2631 | D:3      | 2631 ||| UPGRADING to +0 kite shield.
  2641 | D:3      | 2641 ||| DROPPING +0 buckler.
  2642 | D:3      | 2642 ||| DROPPING ring of wizardry.
  2643 | D:3      | 2643 ||| READING scroll labelled BARES ETSIERGH.
  2644 | D:3      | 2644 ||| READING 3 scrolls labelled BUENLO ONOKHLOE.
  2645 | D:3      | 2645 ||| READING 2 scrolls of enchant weapon.
  2645 | D:3      | 2645 ||| ENCHANTING +2 war axe of flaming.
  2646 | D:3      | 2646 ||| READING scroll of enchant weapon.
  2646 | D:3      | 2646 ||| ENCHANTING +3 war axe of flaming.
  2647 | D:3      | 2647 ||| READING scroll labelled TAKAPULIAJ.
  2748 | D:3      | 2748 ||| READING 3 scrolls of identify.
  2748 | D:3      | 2748 ||| IDENTIFYING brown potion
  2749 | D:3      | 2749 ||| DROPPING potion of flight.
  2788 | D:4      | 2788 ||| Stepping ~*~*~tactically~*~*~ (stealth).
  2789 | D:4      | 2789 ||| Stepping ~*~*~tactically~*~*~ (stealth).
  2796 | D:4      | Reached XP level 6. HP: 33/37 MP: 6/6
  2796 | D:4      | 2796 ||| FLEEEEING.
  2797 | D:4      | 2797 ||| FLEEEEING.
  2810 | D:4      | 2810 ||| Stepping ~*~*~tactically~*~*~ (hiding).
  2811 | D:4      | 2811 ||| Stepping ~*~*~tactically~*~*~ (hiding).
  2974 | D:4      | Found Sanuav's Gadget Gallery.
  2979 | D:4      | 2979 ||| SHOPLISTING wand of digging (9) (529 gold, have
                  | 200).
  3012 | D:4      | 3012 ||| Stepping ~*~*~tactically~*~*~ (stealth).
  3013 | D:4      | 3013 ||| Stepping ~*~*~tactically~*~*~ (stealth).
  3014 | D:4      | 3014 ||| Stepping ~*~*~tactically~*~*~ (stealth).
  3015 | D:4      | 3015 ||| Stepping ~*~*~tactically~*~*~ (stealth).
  3016 | D:4      | 3016 ||| Stepping ~*~*~tactically~*~*~ (stealth).
  3018 | D:4      | 3018 ||| Stepping ~*~*~tactically~*~*~ (stealth).
  3019 | D:4      | 3019 ||| Stepping ~*~*~tactically~*~*~ (stealth).
  3213 | D:4      | Reached skill level 1 in Dodging
  3432 | D:4      | 3432 ||| DROPPING amulet of magic regeneration.
  3433 | D:4      | 3433 ||| READING 2 scrolls of identify.
  3433 | D:4      | 3433 ||| IDENTIFYING smoky cyan potion
  3441 | D:5      | Entered Level 5 of the Dungeon
  3447 | D:5      | 3447 ||| Stepping ~*~*~tactically~*~*~ (stealth).
  3484 | D:5      | 3484 ||| Stepping ~*~*~tactically~*~*~ (hiding).
  3494 | D:5      | Reached XP level 7. HP: 42/42 MP: 7/7
  3654 | D:5      | 3654 ||| Stepping ~*~*~tactically~*~*~ (stealth).
  3655 | D:5      | 3655 ||| Stepping ~*~*~tactically~*~*~ (stealth).
  3693 | D:5      | Found a staircase to the Ecumenical Temple.
  3694 | D:5      | 3694 ||| PLANNING TEMPLE
  3700 | Temple   | Entered the Ecumenical Temple
  3891 | Temple   | 3891 ||| PLANNING OKAWARU WORSHIP
  3895 | Temple   | Became a worshipper of Warmaster Okawaru
  3895 | Temple   | 3895 ||| PLANNING D:1-11
  4150 | D:5      | Found an ornate altar of the Wu Jian Council.
  4221 | D:5      | Reached skill level 6 in Axes
  4285 | D:5      | 4285 ||| Stepping ~*~*~tactically~*~*~ (hiding).
  4289 | D:5      | Reached skill level 6 in Shields
  4289 | D:5      | Reached XP level 8. HP: 48/48 MP: 8/8
  4295 | D:5      | Reached * piety under Okawaru
  4358 | D:5      | 4358 ||| INVOKING Heroism.
  4406 | D:5      | 4406 ||| Stepping ~*~*~tactically~*~*~ (stealth).
  4407 | D:5      | 4407 ||| Stepping ~*~*~tactically~*~*~ (stealth).
  4414 | D:5      | Reached skill level 1 in Invocations
  4457 | D:5      | Found an opulent altar of Gozag.
  4457 | D:5      | Found a hazy altar of Hepliaklqana.
  4692 | D:5      | 4692 ||| INVOKING Heroism.
  4693 | D:5      | 4693 ||| INVOKING Heroism.
  4818 | D:5      | 4818 ||| READING scroll labelled BOFY NURUEKK.
  4819 | D:5      | 4819 ||| READING scroll labelled MIHO UTONEISM.
  4820 | D:5      | 4820 ||| READING 2 scrolls of identify.
  4820 | D:5      | 4820 ||| IDENTIFYING silvery potion
  4857 | D:6      | Identified the ring "Nink" {Fire Stlth+}
  4949 | D:6      | 4949 ||| Stepping ~*~*~tactically~*~*~ (hiding).
  5062 | D:6      | 5062 ||| INVOKING Heroism.
  5072 | D:6      | Reached skill level 3 in Invocations
  5096 | D:6      | 5096 ||| Stepping ~*~*~tactically~*~*~ (stealth).
  5192 | D:6      | 5192 ||| INVOKING Heroism.
  5194 | D:6      | Reached XP level 9. HP: 54/54 MP: 8/11
  5301 | D:6      | Found a runed translucent door.
  5306 | D:6      | Noticed qw's ghost (novice GrFi)
  5349 | D:6      | 5349 ||| Stepping ~*~*~tactically~*~*~ (hiding).
  5406 | D:6      | Reached skill level 1 in Throwing
  5651 | D:6      | 5651 ||| UPGRADING to +0 helmet.
  5656 | D:6      | 5656 ||| READING scroll labelled UQUT NYRGHA.
  5657 | D:6      | 5657 ||| READING scroll labelled DAMOEHUWAOS.
  5658 | D:6      | 5658 ||| DRINKING 2 red potions.
  5658 | D:6      | Gained mutation: Your spells are a little harder to cast,
                  | but a little more powerful. [potion of mutation]
  5658 | D:6      | Gained mutation: Armour fits poorly on your strangely
                  | shaped body. [potion of mutation]
  5658 | D:6      | Gained mutation: Your flesh is heat resistant. (rF+)
                  | [potion of mutation]
  5659 | D:6      | 5659 ||| DRINKING potion of mutation.
  5659 | D:6      | Lost mutation: Your flesh is heat resistant. (rF+) [potion
                  | of mutation]
  5659 | D:6      | Lost mutation: Armour fits poorly on your strangely shaped
                  | body. [potion of mutation]
  5659 | D:6      | Gained mutation: You are dopey. (Int -2) [potion of
                  | mutation]
  5659 | D:6      | Gained mutation: You are partially covered in iridescent
                  | scales. (AC +2) [potion of mutation]
  5660 | D:6      | 5660 ||| DRINKING 2 lumpy grey potions.
  5700 | D:6      | 5700 ||| READING 2 scrolls of identify.
  5700 | D:6      | 5700 ||| IDENTIFYING orange potion
  5701 | D:6      | 5701 ||| DROPPING potion of invisibility.
  5727 | D:7      | 5727 ||| PLANNING OSSUARY
  5743 | D:7      | Noticed Prince Ribbit
  5744 | D:7      | 5744 ||| INVOKING Heroism.
  5750 | D:7      | Killed Prince Ribbit
  5947 | D:7      | 5947 ||| INVOKING Heroism.
  5948 | D:7      | 5948 ||| Stepping ~*~*~tactically~*~*~ (stealth).
  6068 | D:7      | Found a sand-covered staircase.
  6072 | Ossuary  | Entered an ossuary
  6081 | Ossuary  | 6081 ||| FLEEEEING.
  6322 | Ossuary  | 6322 ||| FLEEEEING.
  6323 | Ossuary  | 6323 ||| FLEEEEING.
  6324 | Ossuary  | 6324 ||| FLEEEEING.
  6325 | Ossuary  | 6325 ||| FLEEEEING.
  6326 | Ossuary  | 6326 ||| FLEEEEING.
  6327 | Ossuary  | 6327 ||| FLEEEEING.
  6328 | Ossuary  | 6328 ||| FLEEEEING.
  6329 | Ossuary  | 6329 ||| FLEEEEING.
  6333 | Ossuary  | 6333 ||| FLEEEEING.
  6334 | Ossuary  | 6334 ||| FLEEEEING.
  6335 | Ossuary  | 6335 ||| FLEEEEING.
  6336 | Ossuary  | 6336 ||| FLEEEEING.
  6337 | Ossuary  | 6337 ||| FLEEEEING.
  6338 | Ossuary  | 6338 ||| FLEEEEING.
  6339 | Ossuary  | 6339 ||| FLEEEEING.
  6340 | Ossuary  | 6340 ||| FLEEEEING.
  6341 | Ossuary  | 6341 ||| FLEEEEING.
  6342 | Ossuary  | 6342 ||| FLEEEEING.
  6343 | Ossuary  | 6343 ||| FLEEEEING.
  6344 | Ossuary  | 6344 ||| FLEEEEING.
  6345 | Ossuary  | 6345 ||| FLEEEEING.
  6346 | Ossuary  | 6346 ||| FLEEEEING.
  6347 | Ossuary  | 6347 ||| FLEEEEING.
  6348 | Ossuary  | 6348 ||| FLEEEEING.
  6349 | Ossuary  | 6349 ||| FLEEEEING.
  6498 | D:7      | 6498 ||| PLANNING D:1-11
  6543 | D:7      | 6543 ||| Stepping ~*~*~tactically~*~*~ (hiding).
  6547 | D:7      | 6547 ||| INVOKING Heroism.
  6551 | D:7      | 6551 ||| Stepping ~*~*~tactically~*~*~ (cloud).
  6553 | D:7      | 6553 ||| Stepping ~*~*~tactically~*~*~ (cloud).
  6682 | D:7      | Found Goesemir's Neck Hole.
  6690 | D:7      | 6690 ||| BUYING +1 cloak (161 gold).
  6690 | D:7      | Bought a +1 cloak for 161 gold pieces
  6690 | D:7      | 6690 ||| SHOPLISTING amulet "Koic" {RegenMP Int+6 SInv}
                  | (753 gold, have 369).
  6690 | D:7      | 6690 ||| SHOPLISTING amulet of faith (560 gold, have 369).
  6690 | D:7      | 6690 ||| SHOPLISTING scarf of resistance (448 gold, have
                  | 369).
  6706 | D:7      | 6706 ||| INVOKING Heroism.
  6712 | D:7      | Reached skill level 6 in Fighting
  6880 | D:7      | Noticed a hornet
  6886 | D:7      | Killed a hornet
  7063 | D:7      | 7063 ||| UPGRADING to +1 cloak.
  7073 | D:7      | 7073 ||| DROPPING +0 cloak.
  7074 | D:7      | 7074 ||| READING scroll labelled OCENECHETO.
  7075 | D:7      | 7075 ||| DRINKING 2 fuming brown potions.
  7108 | D:8      | 7108 ||| READING scroll of enchant weapon.
  7108 | D:8      | 7108 ||| ENCHANTING +4 war axe of flaming.
  7129 | D:8      | Reached XP level 10. HP: 60/60 MP: 13/13
  7131 | D:8      | Reached ** piety under Okawaru
  7145 | D:8      | 7145 ||| INVOKING Heroism.
  7150 | D:8      | 7150 ||| DRINKING 3 potions of curing.
  7150 | D:8      | 7150 ||| (to cure confusion)
  7161 | D:8      | Reached skill level 9 in Axes
  7166 | D:8      | Reached skill level 6 in Armour
  7401 | D:8      | 7401 ||| READING 3 scrolls of enchant weapon.
  7401 | D:8      | 7401 ||| ENCHANTING +5 war axe of flaming.
  7402 | D:8      | 7402 ||| READING 2 scrolls of enchant weapon.
  7402 | D:8      | 7402 ||| ENCHANTING +6 war axe of flaming.
  7403 | D:8      | 7403 ||| READING scroll of enchant weapon.
  7403 | D:8      | 7403 ||| ENCHANTING +7 war axe of flaming.
  7461 | D:8      | 7461 ||| Stepping ~*~*~tactically~*~*~ (hiding).
  7462 | D:8      | 7462 ||| Stepping ~*~*~tactically~*~*~ (hiding).
  7463 | D:8      | 7463 ||| Stepping ~*~*~tactically~*~*~ (hiding).
  7464 | D:8      | 7464 ||| Stepping ~*~*~tactically~*~*~ (hiding).
  7466 | D:8      | 7466 ||| Stepping ~*~*~tactically~*~*~ (hiding).
  7508 | D:8      | 7508 ||| Stepping ~*~*~tactically~*~*~ (stealth).
  7515 | D:8      | 7515 ||| Stepping ~*~*~tactically~*~*~ (hiding).
  7516 | D:8      | 7516 ||| Stepping ~*~*~tactically~*~*~ (hiding).
  7534 | D:8      | 7534 ||| Stepping ~*~*~tactically~*~*~ (stealth).
  7544 | D:8      | 7544 ||| Stepping ~*~*~tactically~*~*~ (stealth).
  7547 | D:8      | 7547 ||| INVOKING Heroism.
  7568 | D:8      | 7568 ||| READING scroll of enchant armour.
  7568 | D:8      | 7568 ||| ENCHANTING +0 pair of gloves.
  7716 | D:8      | Found a flagged portal.
  7717 | D:8      | 7717 ||| Stepping ~*~*~tactically~*~*~ (water).
  7750 | D:8      | 7750 ||| UPGRADING to ring of protection from cold.
  7781 | D:9      | 7781 ||| INVOKING Heroism.
  7783 | D:9      | Reached *** piety under Okawaru
  7786 | D:9      | Reached skill level 9 in Shields
  7968 | D:9      | Reached **** piety under Okawaru
  8015 | D:9      | 8015 ||| Stepping ~*~*~tactically~*~*~ (hiding).
  8019 | D:9      | 8019 ||| INVOKING Heroism.
  8128 | D:9      | 8128 ||| INVOKING Heroism.
  8133 | D:9      | 8133 ||| Stepping ~*~*~tactically~*~*~ (cloud).
  8156 | D:9      | 8156 ||| READING scroll of enchant armour.
  8156 | D:9      | 8156 ||| ENCHANTING +1 pair of gloves.
  8197 | D:9      | 8197 ||| Stepping ~*~*~tactically~*~*~ (hiding).
  8198 | D:9      | 8198 ||| Stepping ~*~*~tactically~*~*~ (hiding).
  8199 | D:9      | 8199 ||| Stepping ~*~*~tactically~*~*~ (hiding).
  8200 | D:9      | 8200 ||| Stepping ~*~*~tactically~*~*~ (hiding).
  8372 | D:9      | Identified the +0 ring mail of Masochism {Dex+3}
  8437 | D:9      | Found Cheibriados's Comfort Zone.
  8438 | D:9      | Found a snail-covered altar of Cheibriados.
  8439 | D:9      | 8439 ||| Stepping ~*~*~tactically~*~*~ (hiding).
  8445 | D:9      | 8445 ||| INVOKING Heroism.
  8449 | D:9      | Reached XP level 11. HP: 62/67 MP: 11/14
  8478 | D:9      | 8478 ||| SHOPLISTING +0 crystal plate armour of
                  | ponderousness (798 gold, have 484).
  8478 | D:9      | 8478 ||| BUYING +5 plate armour of ponderousness (350
                  | gold).
  8478 | D:9      | Bought a +5 plate armour of ponderousness for 350 gold
                  | pieces
  8740 | D:9      | 8740 ||| Stepping ~*~*~tactically~*~*~ (stealth).
  8869 | D:9      | 8869 ||| UPGRADING to +0 pair of boots.
  8874 | D:9      | 8874 ||| READING scroll labelled RUFINOYLYA.
  8919 | D:9      | 8919 ||| READING scroll labelled UBEUNIGI HEKKA.
  8920 | D:9      | 8920 ||| READING scroll labelled WUHO DITZI.
  8950 | D:9      | 8950 ||| DROPPING +0 club.
  8951 | D:9      | 8951 ||| READING 5 scrolls of identify.
  8951 | D:9      | 8951 ||| IDENTIFYING lumpy coppery potion
  8964 | D:10     | Entered Level 10 of the Dungeon
  8968 | D:10     | Found a staircase to the Lair.
  8972 | D:10     | 8972 ||| INVOKING Heroism.
  9206 | D:10     | Found a glowing silver altar of Zin.
  9207 | D:10     | 9207 ||| Stepping ~*~*~tactically~*~*~ (stealth).
  9208 | D:10     | 9208 ||| Stepping ~*~*~tactically~*~*~ (stealth).
  9220 | D:10     | 9220 ||| Stepping ~*~*~tactically~*~*~ (hiding).
  9221 | D:10     | 9221 ||| Stepping ~*~*~tactically~*~*~ (hiding).
  9222 | D:10     | 9222 ||| Stepping ~*~*~tactically~*~*~ (hiding).
  9223 | D:10     | 9223 ||| Stepping ~*~*~tactically~*~*~ (hiding).
  9321 | D:10     | Found a radiant altar of Vehumet.
  9333 | D:10     | Identified the +2 cloak "Qangonk" {+Inv rC- Str+5}
  9505 | D:10     | 9505 ||| INVOKING Heroism.
  9637 | D:10     | Found a runed translucent door.
  9638 | D:10     | Noticed Ukhluk's ghost (journeyman TrMo)
  9638 | D:10     | Found the +7 great mace "Undeadhunter" {deathbane, rN+}
  9763 | D:10     | 9763 ||| PLANNING LAIR
  9763 | D:10     | 9763 ||| UPGRADING to +2 cloak "Qangonk" {+Inv rC- Str+5}.
  9773 | D:10     | 9773 ||| READING scroll labelled YRIRCH EKHLICZIRI.
  9810 | Lair:1   | Entered Level 1 of the Lair of Beasts
  9944 | Lair:1   | 9944 ||| INVOKING Heroism.
 10020 | Lair:1   | Noticed an oklob plant
 10021 | Lair:1   | 10021 ||| INVOKING Heroism.
 10022 | Lair:1   | Noticed an oklob plant
 10042 | Lair:1   | Killed an oklob plant
 10046 | Lair:1   | 10046 ||| READING 5 scrolls of teleportation.
 10047 | Lair:1   | HP: 8/68 [oklob plant/splash of acid (33)]
 10048 | Lair:1   | 10048 ||| DRINKING 6 potions of heal wounds.
 10162 | Lair:1   | 10162 ||| INVOKING Heroism.
 10169 | Lair:1   | Reached skill level 6 in Invocations
 10221 | Lair:1   | 10221 ||| INVOKING Heroism.
 10237 | Lair:1   | Killed an oklob plant
 10389 | Lair:1   | Noticed an oklob plant
 10389 | Lair:1   | Noticed an oklob plant
 10390 | Lair:1   | 10390 ||| INVOKING Heroism.
 10393 | Lair:1   | Killed an oklob plant
 10507 | Lair:1   | 10507 ||| INVOKING Heroism.
 10513 | Lair:1   | Killed an oklob plant
 10578 | Lair:1   | Noticed Grum
 10578 | Lair:1   | 10578 ||| INVOKING Heroism.
 10605 | Lair:1   | Killed Grum
 10700 | Lair:1   | 10700 ||| Stepping ~*~*~tactically~*~*~ (stealth).
 10776 | Lair:1   | Identified the +1 chain mail "Ludutoar" {+Blink Fly rElec
                  | rF- Dex+5}
 10843 | Lair:1   | 10843 ||| INVOKING Heroism.
 11189 | Lair:1   | 11189 ||| DROPPING +6 ring of intelligence.
 11190 | Lair:1   | 11190 ||| DRINKING 2 murky pink potions.
 11247 | Lair:2   | Found a staircase to the Shoals.
 11261 | Lair:2   | 11261 ||| INVOKING Heroism.
 11271 | Lair:2   | Noticed a seven-headed hydra
 11278 | Lair:2   | 11278 ||| SWAPPING to +0 flail.
 11286 | Lair:2   | Killed a seven-headed hydra
 11286 | Lair:2   | Reached ***** piety under Okawaru
 11287 | Lair:2   | Reached XP level 12. HP: 21/73 MP: 18/18
 11287 | Lair:2   | 11287 ||| SWAPPING to +8 war axe of protection.
 11306 | Lair:2   | 11306 ||| FLEEEEING.
 11385 | Lair:2   | Noticed a skyshark
 11386 | Lair:2   | 11386 ||| FLEEEEING.
 11387 | Lair:2   | 11387 ||| FLEEEEING.
 11388 | Lair:2   | 11388 ||| FLEEEEING.
 11392 | Lair:2   | 11392 ||| INVOKING Heroism.
 11396 | Lair:2   | Killed a skyshark
 11527 | Lair:2   | 11527 ||| Stepping ~*~*~tactically~*~*~ (hiding).
 11533 | Lair:2   | 11533 ||| INVOKING Heroism.
 11541 | Lair:2   | Reached skill level 9 in Invocations
 11546 | Lair:2   | Noticed a catoblepas
 11547 | Lair:2   | 11547 ||| Stepping ~*~*~tactically~*~*~ (hiding).
 11551 | Lair:2   | 11551 ||| INVOKING Finesse.
 11558 | Lair:2   | Killed a catoblepas
 11558 | Lair:2   | Identified the +11 broad axe of Atruk {vamp, Str+3}
                  | (Okawaru gifted it to you on level 2 of the Lair of Beasts)
 11558 | Lair:2   | Received a gift from Okawaru
 11599 | Lair:2   | 11599 ||| SWAPPING to +11 broad axe of Atruk {vamp, Str+3}.
 11610 | Lair:2   | Found a staircase to the Snake Pit.
 11623 | Lair:2   | 11623 ||| Stepping ~*~*~tactically~*~*~ (stealth).
 11660 | Lair:2   | 11660 ||| Stepping ~*~*~tactically~*~*~ (stealth).
 11661 | Lair:2   | 11661 ||| Stepping ~*~*~tactically~*~*~ (stealth).
 11749 | Lair:2   | Found a transporter.
 11815 | Lair:2   | 11815 ||| Stepping ~*~*~tactically~*~*~ (stealth).
 11900 | Lair:2   | Noticed qw's ghost (journeyman GrFi)
 11900 | Lair:2   | Identified the amulet of Ykhayli {Faith rC- Regen+ rCorr}
 11910 | Lair:2   | Found a transporter.
 11916 | Lair:2   | Found a bloodstained altar of Trog.
 11940 | Lair:2   | 11940 ||| INVOKING Heroism.
 11949 | Lair:2   | Reached skill level 9 in Fighting
 12292 | Lair:2   | 12292 ||| DROPPING scarf of invisibility.
 12293 | Lair:2   | 12293 ||| READING scroll labelled DYPPOTZYECH.
 12293 | Lair:2   | Identified a scroll of acquirement
 12293 | Lair:2   | 12293 ||| ACQUIRING quicksilver dragon scales "Xuim" {rN+
                  | Will+ Stlth+}
 12293 | Lair:2   | Acquired the quicksilver dragon scales "Xuim" {rN+ Will+
                  | Stlth+}
 12295 | Lair:2   | 12295 ||| READING 8 scrolls of identify.
 12295 | Lair:2   | 12295 ||| IDENTIFYING smoky emerald potion
 12296 | Lair:2   | 12296 ||| DROPPING potion of berserk rage.
 12306 | Lair:3   | 12306 ||| INVOKING Heroism.
 12436 | Lair:3   | 12436 ||| INVOKING Heroism.
 12466 | Lair:3   | Reached skill level 12 in Axes
 12542 | Lair:3   | 12542 ||| Stepping ~*~*~tactically~*~*~ (hiding).
 12548 | Lair:3   | 12548 ||| INVOKING Heroism.
 12633 | Lair:3   | 12633 ||| INVOKING Heroism.
 12777 | Lair:3   | Identified the +5 troll leather armour "Filijiub" {Fly
                  | Will+++ Regen+ Str+5 Int-5} (Okawaru gifted it to you on
                  | level 3 of the Lair of Beasts)
 12777 | Lair:3   | Received a gift from Okawaru
 12787 | Lair:3   | 12787 ||| Stepping ~*~*~tactically~*~*~ (stealth).
 12788 | Lair:3   | 12788 ||| Stepping ~*~*~tactically~*~*~ (stealth).
 12789 | Lair:3   | 12789 ||| Stepping ~*~*~tactically~*~*~ (stealth).
 12916 | Lair:3   | Reached skill level 9 in Armour
 13050 | Lair:3   | Reached skill level 3 in Dodging
 13099 | Lair:3   | 13099 ||| DROPPING +1 chain mail "Ludutoar" {+Blink Fly
                  | rElec rF- Dex+5}.
 13100 | Lair:3   | 13100 ||| DROPPING quicksilver dragon scales "Xuim" {rN+
                  | Will+ Stlth+}.
 13101 | Lair:3   | 13101 ||| UPGRADING to +5 troll leather armour "Filijiub"
                  | {Fly Will+++ Regen+ Str+5 Int-5}.
 13168 | Lair:4   | 13168 ||| Stepping ~*~*~tactically~*~*~ (stealth).
 13205 | Lair:4   | 13205 ||| Stepping ~*~*~tactically~*~*~ (stealth).
 13207 | Lair:4   | 13207 ||| Stepping ~*~*~tactically~*~*~ (hiding).
 13210 | Lair:4   | 13210 ||| INVOKING Heroism.
 13220 | Lair:4   | Reached XP level 13. HP: 79/80 MP: 18/20
 13239 | Lair:4   | Identified the ring of Zeluf {rPois Will+ Str+3 SInv}
 13460 | Lair:4   | 13460 ||| DROPPING +0 whip of electrocution.
 13821 | Lair:4   | Found a staircase to the Slime Pits.
 13842 | Lair:4   | 13842 ||| INVOKING Heroism.
 14050 | Lair:4   | 14050 ||| UPGRADING to ring of Zeluf {rPois Will+ Str+3
                  | SInv}.
 14052 | Lair:4   | 14052 ||| READING 12 scrolls of identify.
 14052 | Lair:4   | 14052 ||| IDENTIFYING white potion
 14053 | Lair:4   | 14053 ||| DROPPING potion of degeneration.
 14068 | Lair:5   | Entered Level 5 of the Lair of Beasts
 14069 | Lair:5   | 14069 ||| INVOKING Heroism.
 14073 | Lair:5   | 14073 ||| Stepping ~*~*~tactically~*~*~ (stealth).
 14131 | Lair:5   | 14131 ||| Stepping ~*~*~tactically~*~*~ (stealth).
 14165 | Lair:5   | 14165 ||| INVOKING Heroism.
 14210 | Lair:5   | 14210 ||| Stepping ~*~*~tactically~*~*~ (stealth).
 14212 | Lair:5   | 14212 ||| Stepping ~*~*~tactically~*~*~ (stealth).
 14232 | Lair:5   | 14232 ||| INVOKING Heroism.
 14269 | Lair:5   | Found a runed translucent door.
 14269 | Lair:5   | Noticed an ice dragon
 14270 | Lair:5   | 14270 ||| INVOKING Heroism.
 14302 | Lair:5   | 14302 ||| Stepping ~*~*~tactically~*~*~ (stealth).
 14303 | Lair:5   | 14303 ||| Stepping ~*~*~tactically~*~*~ (stealth).
 14306 | Lair:5   | 14306 ||| FLEEEEING.
 14307 | Lair:5   | 14307 ||| INVOKING Heroism.
 14363 | Lair:5   | 14363 ||| Stepping ~*~*~tactically~*~*~ (stealth).
 14380 | Lair:5   | 14380 ||| FLEEEEING.
 14381 | Lair:5   | 14381 ||| FLEEEEING.
 14382 | Lair:5   | 14382 ||| FLEEEEING.
 14383 | Lair:5   | 14383 ||| FLEEEEING.
 14384 | Lair:5   | 14384 ||| FLEEEEING.
 14385 | Lair:5   | 14385 ||| FLEEEEING.
 14386 | Lair:5   | 14386 ||| FLEEEEING.
 14387 | Lair:5   | 14387 ||| INVOKING Heroism.
 14437 | Lair:5   | 14437 ||| INVOKING Heroism.
 14569 | Lair:5   | 14569 ||| INVOKING Heroism.
 14570 | Lair:5   | 14570 ||| INVOKING Finesse.
 14572 | Lair:5   | 14572 ||| Stepping ~*~*~tactically~*~*~ (stealth).
 14604 | Lair:5   | Gained mutation: Your large and strong wings let you fly.
                  | [Gargoyle growth]
 14604 | Lair:5   | Reached XP level 14. HP: 88/88 MP: 16/21
 14637 | Lair:5   | Reached skill level 12 in Shields
 14642 | Lair:5   | Received a gift from Okawaru
 14822 | Lair:5   | 14822 ||| Stepping ~*~*~tactically~*~*~ (stealth).
 14823 | Lair:5   | 14823 ||| Stepping ~*~*~tactically~*~*~ (stealth).
 14829 | Lair:5   | 14829 ||| Stepping ~*~*~tactically~*~*~ (stealth).
 14830 | Lair:5   | 14830 ||| Stepping ~*~*~tactically~*~*~ (stealth).
 14831 | Lair:5   | 14831 ||| Stepping ~*~*~tactically~*~*~ (stealth).
 14911 | Lair:5   | 14911 ||| Stepping ~*~*~tactically~*~*~ (stealth).
 15028 | Lair:5   | 15028 ||| Stepping ~*~*~tactically~*~*~ (hiding).
 15033 | Lair:5   | 15033 ||| INVOKING Heroism.
 15034 | Lair:5   | 15034 ||| INVOKING Finesse.
 15061 | Lair:5   | 15061 ||| Stepping ~*~*~tactically~*~*~ (hiding).
 15070 | Lair:5   | 15070 ||| SWAPPING to +0 flail.
 15083 | Lair:5   | 15083 ||| SWAPPING to +11 broad axe of Atruk {vamp, Str+3}.
 15123 | Lair:5   | 15123 ||| Stepping ~*~*~tactically~*~*~ (hiding).
 15128 | Lair:5   | 15128 ||| INVOKING Heroism.
 15130 | Lair:5   | 15130 ||| INVOKING Finesse.
 15139 | Lair:5   | Reached skill level 15 in Axes
 15175 | Lair:5   | 15175 ||| Stepping ~*~*~tactically~*~*~ (stealth).
 15202 | Lair:5   | 15202 ||| INVOKING Heroism.
 15205 | Lair:5   | 15205 ||| INVOKING Finesse.
 15212 | Lair:5   | 15212 ||| Stepping ~*~*~tactically~*~*~ (stealth).
 15215 | Lair:5   | Received a gift from Okawaru
 15217 | Lair:5   | 15217 ||| SWAPPING to +0 flail.
 15227 | Lair:5   | 15227 ||| SWAPPING to +11 broad axe of Atruk {vamp, Str+3}.
 15422 | Lair:5   | 15422 ||| PLANNING D:1-11
 15612 | D:11     | 15612 ||| Stepping ~*~*~tactically~*~*~ (stealth).
 15806 | D:11     | 15806 ||| Stepping ~*~*~tactically~*~*~ (hiding).
 15809 | D:11     | Found a staircase to the Orcish Mines.
 15812 | D:11     | 15812 ||| Stepping ~*~*~tactically~*~*~ (hiding).
 15813 | D:11     | 15813 ||| Stepping ~*~*~tactically~*~*~ (stealth).
 15817 | D:11     | 15817 ||| Stepping ~*~*~tactically~*~*~ (stealth).
 15824 | D:11     | 15824 ||| Stepping ~*~*~tactically~*~*~ (hiding).
 15831 | D:11     | 15831 ||| Stepping ~*~*~tactically~*~*~ (stealth).
 15838 | D:11     | 15838 ||| Stepping ~*~*~tactically~*~*~ (stealth).
 15840 | D:11     | 15840 ||| Stepping ~*~*~tactically~*~*~ (stealth).
 15910 | D:11     | 15910 ||| Stepping ~*~*~tactically~*~*~ (stealth).
 15911 | D:11     | 15911 ||| Stepping ~*~*~tactically~*~*~ (stealth).
 15912 | D:11     | 15912 ||| Stepping ~*~*~tactically~*~*~ (stealth).
 15920 | D:11     | 15920 ||| Stepping ~*~*~tactically~*~*~ (stealth).
 15922 | D:11     | 15922 ||| Stepping ~*~*~tactically~*~*~ (stealth).
 16056 | D:11     | Reached skill level 3 in Throwing
 16331 | D:11     | 16331 ||| READING scroll of enchant armour.
 16331 | D:11     | 16331 ||| ENCHANTING +0 helmet.
 16340 | D:11     | 16340 ||| Stepping ~*~*~tactically~*~*~ (stealth).
 16574 | D:11     | 16574 ||| PLANNING D
 16670 | D:12     | 16670 ||| Stepping ~*~*~tactically~*~*~ (stealth).
 16673 | D:12     | Noticed Frances
 16674 | D:12     | 16674 ||| Stepping ~*~*~tactically~*~*~ (hiding).
 16679 | D:12     | 16679 ||| INVOKING Heroism.
 16680 | D:12     | 16680 ||| INVOKING Finesse.
 16690 | D:12     | Killed Frances
 16755 | D:12     | 16755 ||| INVOKING Heroism.
 16756 | D:12     | 16756 ||| INVOKING Finesse.
 16911 | D:12     | 16911 ||| Stepping ~*~*~tactically~*~*~ (stealth).
 16965 | D:12     | Reached skill level 12 in Fighting
 17033 | D:12     | 17033 ||| Stepping ~*~*~tactically~*~*~ (stealth).
 17037 | D:12     | 17037 ||| Stepping ~*~*~tactically~*~*~ (hiding).
 17062 | D:12     | 17062 ||| Stepping ~*~*~tactically~*~*~ (stealth).
 17069 | D:12     | 17069 ||| DROPPING +0 flail.
 17079 | D:12     | Reached XP level 15. HP: 96/96 MP: 22/22
 17147 | D:12     | 17147 ||| Stepping ~*~*~tactically~*~*~ (hiding).
 17148 | D:12     | 17148 ||| Stepping ~*~*~tactically~*~*~ (hiding).
 17149 | D:12     | 17149 ||| Stepping ~*~*~tactically~*~*~ (hiding).
 17150 | D:12     | 17150 ||| Stepping ~*~*~tactically~*~*~ (stealth).
 17151 | D:12     | 17151 ||| Stepping ~*~*~tactically~*~*~ (hiding).
 17209 | D:12     | 17209 ||| Stepping ~*~*~tactically~*~*~ (stealth).
 17211 | D:12     | 17211 ||| Stepping ~*~*~tactically~*~*~ (stealth).
 17416 | D:12     | 17416 ||| READING 14 scrolls of identify.
 17416 | D:12     | 17416 ||| IDENTIFYING fuming yellow potion
 17450 | D:13     | 17450 ||| Stepping ~*~*~tactically~*~*~ (hiding).
 17574 | D:13     | 17574 ||| Stepping ~*~*~tactically~*~*~ (stealth).
 17576 | D:13     | 17576 ||| Stepping ~*~*~tactically~*~*~ (hiding).
 17911 | D:13     | 17911 ||| Stepping ~*~*~tactically~*~*~ (hiding).
 18201 | D:13     | Reached ****** piety under Okawaru
 18216 | D:13     | 18216 ||| Stepping ~*~*~tactically~*~*~ (stealth).
 18220 | D:13     | 18220 ||| INVOKING Heroism.
 18389 | D:13     | 18389 ||| INVOKING Heroism.
 18390 | D:13     | 18390 ||| SWAPPING to +0 morningstar.
 18391 | D:13     | 18391 ||| INVOKING Finesse.
 18399 | D:13     | 18399 ||| SWAPPING to +11 broad axe of Atruk {vamp, Str+3}.
 18408 | D:13     | 18408 ||| Stepping ~*~*~tactically~*~*~ (hiding).
 18619 | D:14     | Received a gift from Okawaru
 18619 | D:14     | Found the +7 Kryia's mail coat {PotionHeal*2 rC+}
 18740 | D:14     | Found Ribigawo's Magic Scroll Shop.
 18748 | D:14     | 18748 ||| BUYING scroll of acquirement (676 gold).
 18748 | D:14     | Bought a scroll of acquirement for 676 gold pieces
 18748 | D:14     | 18748 ||| BUYING scroll of enchant weapon (97 gold).
 18748 | D:14     | Bought a scroll of enchant weapon for 97 gold pieces
 18748 | D:14     | 18748 ||| BUYING scroll of teleportation (39 gold).
 18748 | D:14     | Bought a scroll of teleportation for 39 gold pieces
 18748 | D:14     | 18748 ||| READING scroll of acquirement.
 18748 | D:14     | 18748 ||| ACQUIRING +7 war axe of Ditieq {flame, Dex+3}
 18748 | D:14     | Acquired the +7 war axe of Ditieq {flame, Dex+3}
 18750 | D:14     | 18750 ||| DROPPING +0 morningstar.
 18817 | D:14     | 18817 ||| INVOKING Heroism.
 18818 | D:14     | 18818 ||| INVOKING Finesse.
 18823 | D:14     | 18823 ||| SWAPPING to +7 war axe of Ditieq {flame, Dex+3}.
 18825 | D:14     | 18825 ||| SWAPPING to +11 broad axe of Atruk {vamp, Str+3}.
 18972 | D:14     | Noticed Nessos
 18973 | D:14     | 18973 ||| INVOKING Finesse.
 18981 | D:14     | Killed Nessos
 19017 | D:14     | 19017 ||| Stepping ~*~*~tactically~*~*~ (hiding).
 19020 | D:14     | 19020 ||| Stepping ~*~*~tactically~*~*~ (hiding).
 19134 | D:14     | Found a portal to a secret trove of treasure.
 19161 | D:14     | 19161 ||| Stepping ~*~*~tactically~*~*~ (hiding).
 19167 | D:14     | 19167 ||| Stepping ~*~*~tactically~*~*~ (hiding).
 19336 | D:14     | Found a gate to the Vaults.
 19402 | D:14     | Noticed Jorgrun
 19403 | D:14     | 19403 ||| INVOKING Heroism.
 19404 | D:14     | 19404 ||| INVOKING Finesse.
 19416 | D:14     | Killed Jorgrun
 19627 | D:15     | Entered Level 15 of the Dungeon
 19632 | D:15     | Identified the ring "Leolopto" {rN++ MP+9 Str-5 Dex+2
                  | Stlth+}
 19687 | D:15     | 19687 ||| Stepping ~*~*~tactically~*~*~ (hiding).
 19711 | D:15     | Found a staircase to the Depths.
 19721 | D:15     | 19721 ||| INVOKING Heroism.
 19742 | D:15     | 19742 ||| INVOKING Heroism.
 19971 | D:15     | 19971 ||| Stepping ~*~*~tactically~*~*~ (hiding).
 20011 | D:15     | 20011 ||| INVOKING Heroism.
 20061 | D:15     | 20061 ||| Stepping ~*~*~tactically~*~*~ (stealth).
 20401 | D:15     | Identified the +1 ring mail of the Garden {Will+ Stlth+}
 20661 | D:15     | 20661 ||| PLANNING ORC
 20661 | D:15     | 20661 ||| DROPPING amulet of guardian spirit.
 20662 | D:15     | 20662 ||| UPGRADING to amulet of regeneration.
 20667 | D:15     | 20667 ||| DROPPING ring "Leolopto" {rN++ MP+9 Str-5 Dex+2
                  | Stlth+}.
 20813 | Orc:1    | Entered Level 1 of the Orcish Mines
 20879 | Orc:2    | Entered Level 2 of the Orcish Mines
 20907 | Orc:2    | Noticed an orc warlord
 20908 | Orc:2    | 20908 ||| INVOKING Heroism.
 20920 | Orc:2    | Killed an orc warlord
 20921 | Orc:2    | Noticed Azrael
 20922 | Orc:2    | 20922 ||| INVOKING Finesse.
 20930 | Orc:2    | HP: 22/96 [Azrael/+3 scimitar of flaming (4)]
 20931 | Orc:2    | 20931 ||| READING 12 scrolls of teleportation.
 20931 | Orc:2    | HP: 10/96 [Azrael/fireball (14)]
 20932 | Orc:2    | 20932 ||| DRINKING 6 potions of heal wounds.
 20933 | Orc:2    | Killed Azrael
 21111 | Orc:2    | 21111 ||| INVOKING Heroism.
 21113 | Orc:2    | Found Ximettopsa's Magic Scroll Shop.
 21129 | Orc:2    | Reached XP level 16. HP: 103/103 MP: 23/23
 21129 | Orc:2    | Found Laehibb's General Store.
 21160 | Orc:2    | 21160 ||| BUYING scroll of enchant armour (120 gold).
 21160 | Orc:2    | Bought a scroll of enchant armour for 120 gold pieces
 21160 | Orc:2    | 21160 ||| BUYING scroll of teleportation (48 gold).
 21160 | Orc:2    | Bought a scroll of teleportation for 48 gold pieces
 21160 | Orc:2    | 21160 ||| READING scroll of enchant armour.
 21160 | Orc:2    | 21160 ||| ENCHANTING +1 helmet.
 21163 | Orc:2    | 21163 ||| BUYING +1 helmet of Yesterday {Int+2 Dex+2
                  | Slay+3} (562 gold).
 21163 | Orc:2    | Bought the +1 helmet of Yesterday {Int+2 Dex+2 Slay+3} for
                  | 562 gold pieces
 21163 | Orc:2    | 21163 ||| SHOPLISTING +2 pair of boots of flying (322 gold,
                  | have 165).
 21171 | Orc:2    | 21171 ||| FLEEEEING.
 21173 | Orc:2    | Noticed Erolcha
 21182 | Orc:2    | Killed Erolcha
 21196 | Orc:2    | 21196 ||| UPGRADING to +1 helmet of Yesterday {Int+2 Dex+2
                  | Slay+3}.
 21206 | Orc:2    | 21206 ||| DROPPING +2 helmet.
 21209 | Orc:2    | Found a radiant altar of Vehumet.
 21221 | Orc:2    | Found a staircase to the Elven Halls.
 21276 | Orc:1    | 21276 ||| INVOKING Heroism.
 21325 | Orc:1    | 21325 ||| Stepping ~*~*~tactically~*~*~ (stealth).
 21328 | Orc:1    | 21328 ||| Stepping ~*~*~tactically~*~*~ (stealth).
 21330 | Orc:1    | 21330 ||| Stepping ~*~*~tactically~*~*~ (hiding).
 21349 | Orc:1    | 21349 ||| Stepping ~*~*~tactically~*~*~ (hiding).
 21350 | Orc:1    | 21350 ||| Stepping ~*~*~tactically~*~*~ (hiding).
 21351 | Orc:1    | 21351 ||| Stepping ~*~*~tactically~*~*~ (hiding).
 21352 | Orc:1    | 21352 ||| Stepping ~*~*~tactically~*~*~ (hiding).
 21353 | Orc:1    | 21353 ||| Stepping ~*~*~tactically~*~*~ (hiding).
 21354 | Orc:1    | 21354 ||| Stepping ~*~*~tactically~*~*~ (hiding).
 21547 | Orc:1    | 21547 ||| Stepping ~*~*~tactically~*~*~ (stealth).
 21549 | Orc:1    | 21549 ||| Stepping ~*~*~tactically~*~*~ (stealth).
 22037 | Orc:2    | Noticed Maurice
 22061 | Orc:2    | Killed Maurice
 22114 | Orc:2    | Found a shimmering blue altar of Sif Muna.
 22211 | Orc:2    | 22211 ||| Stepping ~*~*~tactically~*~*~ (stealth).
 22216 | Orc:2    | 22216 ||| INVOKING Heroism.
 22218 | Orc:2    | 22218 ||| Stepping ~*~*~tactically~*~*~ (hiding).
 22235 | Orc:2    | Reached skill level 6 in Dodging
 22235 | Orc:2    | 22235 ||| Stepping ~*~*~tactically~*~*~ (hiding).
 22244 | Orc:2    | 22244 ||| INVOKING Heroism.
 22249 | Orc:2    | 22249 ||| Stepping ~*~*~tactically~*~*~ (hiding).
 22268 | Orc:2    | 22268 ||| Stepping ~*~*~tactically~*~*~ (stealth).
 22281 | Orc:2    | 22281 ||| INVOKING Heroism.
 22305 | Orc:2    | HP: 26/104 [ynoxinul/iron shot[an orc sorcerer] (20)]
 22306 | Orc:2    | 22306 ||| READING 12 scrolls of teleportation.
 22307 | Orc:2    | 22307 ||| DRINKING 5 potions of heal wounds.
 22389 | Orc:2    | 22389 ||| INVOKING Heroism.
 22395 | Orc:2    | Reached skill level 6 in Throwing
 22417 | Orc:2    | 22417 ||| Stepping ~*~*~tactically~*~*~ (hiding).
 22418 | Orc:2    | 22418 ||| Stepping ~*~*~tactically~*~*~ (hiding).
 22438 | Orc:2    | 22438 ||| Stepping ~*~*~tactically~*~*~ (hiding).
 22441 | Orc:2    | 22441 ||| INVOKING Heroism.
 22456 | Orc:2    | Found Hanintah's Jewellery Shoppe.
 22456 | Orc:2    | Found Raprik's Antique Armour Emporium.
 22457 | Orc:2    | 22457 ||| Stepping ~*~*~tactically~*~*~ (hiding).
 22458 | Orc:2    | Found a one-way gate leading to the halls of Pandemonium.
 22564 | Orc:2    | 22564 ||| BUYING +5 ring of evasion (468 gold).
 22564 | Orc:2    | Bought a +5 ring of evasion for 468 gold pieces
 22564 | Orc:2    | 22564 ||| SHOPLISTING amulet of reflection (390 gold, have
                  | 195).
 22564 | Orc:2    | 22564 ||| SHOPLISTING ring of resist corrosion (260 gold,
                  | have 195).
 22567 | Orc:2    | 22567 ||| PLANNING SHOALS:1-3
 22567 | Orc:2    | 22567 ||| UPGRADING to +5 ring of evasion.
 22569 | Orc:2    | 22569 ||| DROPPING +4 ring of protection.
 22709 | Shoals:1 | Entered Level 1 of the Shoals
 22794 | Shoals:1 | 22794 ||| INVOKING Heroism.
 22795 | Shoals:1 | 22795 ||| INVOKING Finesse.
 22851 | Shoals:1 | Noticed a kraken
 22864 | Shoals:1 | Killed a kraken
 22873 | Shoals:1 | 22873 ||| Stepping ~*~*~tactically~*~*~ (hiding).
 22922 | Shoals:1 | 22922 ||| INVOKING Heroism.
 23024 | Shoals:1 | 23024 ||| Stepping ~*~*~tactically~*~*~ (hiding).
 23025 | Shoals:1 | 23025 ||| Stepping ~*~*~tactically~*~*~ (hiding).
 23026 | Shoals:1 | 23026 ||| Stepping ~*~*~tactically~*~*~ (hiding).
 23027 | Shoals:1 | 23027 ||| Stepping ~*~*~tactically~*~*~ (hiding).
 23028 | Shoals:1 | 23028 ||| Stepping ~*~*~tactically~*~*~ (hiding).
 23029 | Shoals:1 | 23029 ||| Stepping ~*~*~tactically~*~*~ (hiding).
 23030 | Shoals:1 | 23030 ||| Stepping ~*~*~tactically~*~*~ (hiding).
 23037 | Shoals:1 | 23037 ||| Stepping ~*~*~tactically~*~*~ (hiding).
 23194 | Shoals:1 | 23194 ||| INVOKING Heroism.
 23195 | Shoals:1 | 23195 ||| INVOKING Finesse.
 23664 | Shoals:2 | 23664 ||| Stepping ~*~*~tactically~*~*~ (hiding).
 23670 | Shoals:2 | 23670 ||| INVOKING Heroism.
 23677 | Shoals:2 | Reached skill level 18 in Axes
 23677 | Shoals:2 | Received a gift from Okawaru
 23710 | Shoals:2 | Noticed Mlioglotl
 23718 | Shoals:2 | 23718 ||| INVOKING Heroism.
 23723 | Shoals:2 | Killed Mlioglotl
 23724 | Shoals:2 | 23724 ||| INVOKING Finesse.
 23762 | Shoals:2 | Received a gift from Okawaru
 24429 | Shoals:3 | Found Iluoqiz's Armour Shop.
 24446 | Shoals:3 | 24446 ||| SHOPLISTING +0 plate armour "Isinepn" {-Cast
                  | rPois rC++ Str+3} (918 gold, have 401).
 24446 | Shoals:3 | 24446 ||| SHOPLISTING +2 storm dragon scales (1656 gold,
                  | have 401).
 24451 | Shoals:3 | 24451 ||| INVOKING Heroism.
 24463 | Shoals:3 | Reached XP level 17. HP: 111/111 MP: 22/24
 24514 | Shoals:3 | 24514 ||| READING scroll of enchant armour.
 24514 | Shoals:3 | 24514 ||| ENCHANTING +0 pair of boots.
 24530 | Shoals:3 | 24530 ||| INVOKING Heroism.
 24550 | Shoals:3 | Found Loqinof's Assorted Antiques.
 24594 | Shoals:3 | 24594 ||| BUYING potion of attraction (57 gold).
 24594 | Shoals:3 | Bought a potion of attraction for 57 gold pieces
 24594 | Shoals:3 | 24594 ||| BUYING potion of curing (57 gold).
 24594 | Shoals:3 | Bought a potion of curing for 57 gold pieces
 24594 | Shoals:3 | 24594 ||| BUYING potion of curing (57 gold).
 24594 | Shoals:3 | Bought a potion of curing for 57 gold pieces
 24594 | Shoals:3 | 24594 ||| SHOPLISTING scroll of acquirement (988 gold, have
                  | 298).
 24594 | Shoals:3 | 24594 ||| BUYING scroll of teleportation (57 gold).
 24594 | Shoals:3 | Bought a scroll of teleportation for 57 gold pieces
 24594 | Shoals:3 | 24594 ||| BUYING scroll of teleportation (57 gold).
 24594 | Shoals:3 | Bought a scroll of teleportation for 57 gold pieces
 24732 | Shoals:3 | Found Hilu Akke's Antique Weapon Shop.
 24744 | Shoals:3 | 24744 ||| BUYING runed broad axe (175 gold).
 24744 | Shoals:3 | Bought a runed broad axe for 175 gold pieces
 24754 | Shoals:3 | 24754 ||| DROPPING +0 broad axe.
 24756 | Shoals:3 | Found Qaessoan's Magic Scroll Boutique.
 24765 | Shoals:3 | 24765 ||| SHOPLISTING scroll of teleportation (39 gold,
                  | have 24).
 24866 | Shoals:3 | 24866 ||| INVOKING Heroism.
 24974 | Shoals:3 | Reached skill level 15 in Fighting
 25223 | Shoals:3 | 25223 ||| PLANNING SNAKE:1-3
 25223 | Shoals:3 | 25223 ||| READING 16 scrolls of identify.
 25223 | Shoals:3 | 25223 ||| IDENTIFYING amethyst potion
 25309 | Snake:1  | Entered Level 1 of the Snake Pit
 25334 | Snake:1  | 25334 ||| Stepping ~*~*~tactically~*~*~ (stealth).
 25414 | Snake:1  | 25414 ||| Stepping ~*~*~tactically~*~*~ (hiding).
 25417 | Snake:1  | 25417 ||| Stepping ~*~*~tactically~*~*~ (hiding).
 25418 | Snake:1  | 25418 ||| Stepping ~*~*~tactically~*~*~ (hiding).
 25420 | Snake:1  | 25420 ||| Stepping ~*~*~tactically~*~*~ (hiding).
 25527 | Snake:1  | 25527 ||| Stepping ~*~*~tactically~*~*~ (stealth).
 25528 | Snake:1  | 25528 ||| Stepping ~*~*~tactically~*~*~ (stealth).
 25530 | Snake:1  | 25530 ||| Stepping ~*~*~tactically~*~*~ (hiding).
 25531 | Snake:1  | 25531 ||| Stepping ~*~*~tactically~*~*~ (hiding).
 25532 | Snake:1  | 25532 ||| Stepping ~*~*~tactically~*~*~ (hiding).
 25717 | Snake:1  | Received a gift from Okawaru
 25764 | Snake:1  | Found a burning altar of Makhleb.
 25778 | Snake:1  | 25778 ||| Stepping ~*~*~tactically~*~*~ (hiding).
 25825 | Snake:1  | 25825 ||| Stepping ~*~*~tactically~*~*~ (stealth).
 25914 | Snake:1  | 25914 ||| Stepping ~*~*~tactically~*~*~ (hiding).
 25964 | Snake:1  | Identified the +2 cloak of Tiyjom {rN++ Str-5 Int+5}
                  | (Okawaru gifted it to you on level 1 of the Snake Pit)
 25964 | Snake:1  | Received a gift from Okawaru
 26221 | Snake:1  | 26221 ||| Stepping ~*~*~tactically~*~*~ (hiding).
 26223 | Snake:1  | 26223 ||| INVOKING Heroism.
 26228 | Snake:1  | 26228 ||| Stepping ~*~*~tactically~*~*~ (hiding).
 26232 | Snake:1  | 26232 ||| Stepping ~*~*~tactically~*~*~ (stealth).
 26243 | Snake:1  | 26243 ||| Stepping ~*~*~tactically~*~*~ (hiding).
 26250 | Snake:1  | 26250 ||| INVOKING Heroism.
 26262 | Snake:1  | Reached skill level 15 in Shields
 26853 | Snake:1  | 26853 ||| UPGRADING to +1 kite shield of cold resistance.
 26863 | Snake:1  | 26863 ||| DROPPING +0 kite shield.
 26864 | Snake:1  | 26864 ||| DROPPING +2 cloak of Tiyjom {rN++ Str-5 Int+5}.
 26865 | Snake:1  | 26865 ||| DROPPING ring of ice.
 27071 | Snake:2  | 27071 ||| READING scroll of enchant armour.
 27071 | Snake:2  | 27071 ||| ENCHANTING +1 pair of boots.
 27151 | Snake:2  | 27151 ||| Stepping ~*~*~tactically~*~*~ (stealth).
 27188 | Snake:2  | Found a shimmering blue altar of Sif Muna.
 27191 | Snake:2  | 27191 ||| Stepping ~*~*~tactically~*~*~ (hiding).
 27192 | Snake:2  | 27192 ||| INVOKING Heroism.
 27197 | Snake:2  | Noticed Vashnia
 27238 | Snake:2  | Killed Vashnia
 27351 | Snake:2  | Found Boanuma's Jewellery Shop.
 27352 | Snake:2  | Found Sofun's Book Shoppe.
 27355 | Snake:2  | Found Xaquelabueff's Jewellery Shop.
 27361 | Snake:2  | 27361 ||| SHOPLISTING amulet of Viviorgh {rC+++ Regen+}
                  | (1080 gold, have 149).
 27361 | Snake:2  | 27361 ||| SHOPLISTING ring of protection from fire (375
                  | gold, have 149).
 27361 | Snake:2  | 27361 ||| SHOPLISTING ring of resist corrosion (300 gold,
                  | have 149).
 27365 | Snake:2  | 27365 ||| SHOPLISTING +5 ring of evasion (468 gold, have
                  | 149).
 27474 | Snake:2  | 27474 ||| Stepping ~*~*~tactically~*~*~ (hiding).
 27475 | Snake:2  | 27475 ||| Stepping ~*~*~tactically~*~*~ (hiding).
 27484 | Snake:2  | 27484 ||| INVOKING Heroism.
 27518 | Snake:2  | 27518 ||| Stepping ~*~*~tactically~*~*~ (stealth).
 27520 | Snake:2  | 27520 ||| Stepping ~*~*~tactically~*~*~ (stealth).
 27522 | Snake:2  | 27522 ||| Stepping ~*~*~tactically~*~*~ (stealth).
 27524 | Snake:2  | 27524 ||| Stepping ~*~*~tactically~*~*~ (stealth).
 27539 | Snake:2  | 27539 ||| UPGRADING to amulet of faith.
 27589 | Snake:3  | 27589 ||| INVOKING Heroism.
 27589 | Snake:3  | Noticed Aizul
 27590 | Snake:3  | 27590 ||| INVOKING Finesse.
 27600 | Snake:3  | Killed Aizul
 27611 | Snake:3  | Received a gift from Okawaru
 27616 | Snake:3  | 27616 ||| Stepping ~*~*~tactically~*~*~ (hiding).
 27617 | Snake:3  | 27617 ||| Stepping ~*~*~tactically~*~*~ (hiding).
 27620 | Snake:3  | 27620 ||| Stepping ~*~*~tactically~*~*~ (hiding).
 27702 | Snake:3  | 27702 ||| Stepping ~*~*~tactically~*~*~ (hiding).
 27706 | Snake:3  | Reached XP level 18. HP: 122/122 MP: 25/25
 27722 | Snake:3  | 27722 ||| DROPPING +7 war axe of Ditieq {flame, Dex+3}.
 27771 | Snake:3  | 27771 ||| Stepping ~*~*~tactically~*~*~ (hiding).
 27772 | Snake:3  | 27772 ||| Stepping ~*~*~tactically~*~*~ (stealth).
 27807 | Snake:3  | 27807 ||| Stepping ~*~*~tactically~*~*~ (hiding).
 27808 | Snake:3  | 27808 ||| Stepping ~*~*~tactically~*~*~ (hiding).
 27812 | Snake:3  | 27812 ||| Stepping ~*~*~tactically~*~*~ (hiding).
 27816 | Snake:3  | 27816 ||| Stepping ~*~*~tactically~*~*~ (hiding).
 27825 | Snake:3  | 27825 ||| INVOKING Heroism.
 27846 | Snake:3  | 27846 ||| Stepping ~*~*~tactically~*~*~ (stealth).
 27858 | Snake:3  | 27858 ||| Stepping ~*~*~tactically~*~*~ (hiding).
 27908 | Snake:3  | Identified the +2 helmet of the Storm King {Contam rPois
                  | Dex+4 SInv}
 27942 | Snake:3  | 27942 ||| Stepping ~*~*~tactically~*~*~ (hiding).
 27947 | Snake:3  | 27947 ||| Stepping ~*~*~tactically~*~*~ (hiding).
 28004 | Snake:3  | 28004 ||| Stepping ~*~*~tactically~*~*~ (hiding).
 28256 | Snake:3  | 28256 ||| PLANNING SHOALS:4
 28356 | Shoals:4 | Entered Level 4 of the Shoals
 28369 | Shoals:4 | 28369 ||| INVOKING Heroism.
 28371 | Shoals:4 | 28371 ||| INVOKING Finesse.
 28501 | Shoals:4 | 28501 ||| INVOKING Heroism.
 28502 | Shoals:4 | 28502 ||| INVOKING Finesse.
 28562 | Shoals:4 | Got a barnacled rune of Zot
 28662 | Shoals:4 | 28662 ||| INVOKING Heroism.
 28678 | Shoals:4 | 28678 ||| INVOKING Finesse.
 28681 | Shoals:4 | Reached skill level 9 in Throwing
 28733 | Shoals:4 | Received a gift from Okawaru
 28859 | Shoals:4 | 28859 ||| INVOKING Heroism.
 28860 | Shoals:4 | 28860 ||| INVOKING Finesse.
 28932 | Shoals:4 | Found a runed translucent door.
 29010 | Shoals:4 | 29010 ||| Stepping ~*~*~tactically~*~*~ (hiding).
 29023 | Shoals:4 | 29023 ||| INVOKING Heroism.
 29034 | Shoals:4 | Received a gift from Okawaru
 29239 | Shoals:4 | 29239 ||| INVOKING Heroism.
 29240 | Shoals:4 | 29240 ||| INVOKING Finesse.
 29373 | Shoals:4 | 29373 ||| INVOKING Heroism.
 29374 | Shoals:4 | 29374 ||| INVOKING Finesse.
 29439 | Shoals:4 | 29439 ||| PLANNING VAULTS:1-4
 29439 | Shoals:4 | 29439 ||| DROPPING +1 cloak.
 29636 | Vaults:1 | Entered Level 1 of the Vaults
 29676 | Vaults:1 | Identified the +2 pair of boots of Tenacity {Dex+3}
 29689 | Vaults:1 | 29689 ||| Stepping ~*~*~tactically~*~*~ (hiding).
 29690 | Vaults:1 | 29690 ||| Stepping ~*~*~tactically~*~*~ (hiding).
 29691 | Vaults:1 | 29691 ||| Stepping ~*~*~tactically~*~*~ (hiding).
 29692 | Vaults:1 | 29692 ||| Stepping ~*~*~tactically~*~*~ (hiding).
 29694 | Vaults:1 | 29694 ||| Stepping ~*~*~tactically~*~*~ (hiding).
 29695 | Vaults:1 | 29695 ||| INVOKING Heroism.
 29696 | Vaults:1 | 29696 ||| INVOKING Finesse.
 29739 | Vaults:1 | 29739 ||| Stepping ~*~*~tactically~*~*~ (stealth).
 29751 | Vaults:1 | Received a gift from Okawaru
 29870 | Vaults:1 | 29870 ||| INVOKING Heroism.
 29892 | Vaults:1 | 29892 ||| INVOKING Finesse.
 30001 | Vaults:1 | 30001 ||| Stepping ~*~*~tactically~*~*~ (hiding).
 30004 | Vaults:1 | 30004 ||| INVOKING Heroism.
 30031 | Vaults:1 | 30031 ||| INVOKING Finesse.
 30037 | Vaults:1 | Received a gift from Okawaru
 30038 | Vaults:1 | Reached XP level 19. HP: 130/130 MP: 20/26
 30171 | Vaults:1 | 30171 ||| INVOKING Heroism.
 30175 | Vaults:1 | 30175 ||| Stepping ~*~*~tactically~*~*~ (hiding).
 30181 | Vaults:1 | Reached skill level 18 in Fighting
 30181 | Vaults:1 | 30181 ||| Stepping ~*~*~tactically~*~*~ (hiding).
 30313 | Vaults:1 | 30313 ||| Stepping ~*~*~tactically~*~*~ (hiding).
 30314 | Vaults:1 | 30314 ||| Stepping ~*~*~tactically~*~*~ (hiding).
 30316 | Vaults:1 | 30316 ||| Stepping ~*~*~tactically~*~*~ (hiding).
 30317 | Vaults:1 | 30317 ||| Stepping ~*~*~tactically~*~*~ (hiding).
 30318 | Vaults:1 | 30318 ||| Stepping ~*~*~tactically~*~*~ (hiding).
 30319 | Vaults:1 | 30319 ||| Stepping ~*~*~tactically~*~*~ (hiding).
 30320 | Vaults:1 | 30320 ||| Stepping ~*~*~tactically~*~*~ (hiding).
 30501 | Vaults:1 | 30501 ||| Stepping ~*~*~tactically~*~*~ (stealth).
 30502 | Vaults:1 | 30502 ||| Stepping ~*~*~tactically~*~*~ (stealth).
 30577 | Vaults:1 | 30577 ||| INVOKING Heroism.
 30738 | Vaults:1 | 30738 ||| Stepping ~*~*~tactically~*~*~ (hiding).
 30863 | Vaults:1 | Identified the +1 ring mail of Boig Jedwi {Int+3}
 30944 | Vaults:1 | Received a gift from Okawaru
 31024 | Vaults:1 | Identified the +1 mace "Ziwnem" {elec, rElec Str+5}
 31249 | Vaults:1 | 31249 ||| UPGRADING to +2 pair of boots of Tenacity
                  | {Dex+3}.
 31259 | Vaults:1 | 31259 ||| DROPPING +2 pair of boots.
 31260 | Vaults:1 | 31260 ||| DROPPING 28 boomerangs.
 31261 | Vaults:1 | 31261 ||| DROPPING 4 silver boomerangs.
 31262 | Vaults:1 | 31262 ||| DROPPING 4 boomerangs of dispersal.
 31332 | Vaults:2 | 31332 ||| INVOKING Finesse.
 31482 | Vaults:2 | 31482 ||| INVOKING Heroism.
 31571 | Vaults:2 | 31571 ||| Stepping ~*~*~tactically~*~*~ (stealth).
 31572 | Vaults:2 | 31572 ||| INVOKING Heroism.
 31584 | Vaults:2 | Reached skill level 9 in Dodging
 31587 | Vaults:2 | Received a gift from Okawaru
 31696 | Vaults:2 | 31696 ||| Stepping ~*~*~tactically~*~*~ (stealth).
 31697 | Vaults:2 | 31697 ||| Stepping ~*~*~tactically~*~*~ (stealth).
 31709 | Vaults:2 | 31709 ||| FLEEEEING.
 31710 | Vaults:2 | 31710 ||| FLEEEEING.
 31870 | Vaults:2 | 31870 ||| Stepping ~*~*~tactically~*~*~ (stealth).
 31875 | Vaults:2 | 31875 ||| Stepping ~*~*~tactically~*~*~ (stealth).
 31903 | Vaults:2 | 31903 ||| Stepping ~*~*~tactically~*~*~ (stealth).
 31938 | Vaults:2 | Received a gift from Okawaru
 31996 | Vaults:2 | 31996 ||| READING scroll of acquirement.
 31996 | Vaults:2 | 31996 ||| ACQUIRING +3 kite shield of Jecseps {Drain Int+6
                  | Slay+3}
 31996 | Vaults:2 | Acquired the +3 kite shield of Jecseps {Drain Int+6 Slay+3}
 31998 | Vaults:2 | 31998 ||| DROPPING +0 plate armour of cold resistance.
 32139 | Vaults:2 | 32139 ||| Stepping ~*~*~tactically~*~*~ (stealth).
 32510 | Vaults:2 | 32510 ||| DROPPING +5 plate armour of ponderousness.
 32511 | Vaults:2 | 32511 ||| UPGRADING to +3 kite shield of Jecseps {Drain
                  | Int+6 Slay+3}.
 32530 | Vaults:2 | 32530 ||| UPGRADING to +3 kite shield of Jecseps {Drain
                  | Int+6 Slay+3}.
 32544 | Vaults:2 | 32544 ||| INVOKING Heroism.
 32549 | Vaults:2 | Identified the +0 robe of the King of the Hill {Dex+3}
                  | (Okawaru gifted it to you on level 2 of the Vaults)
 32549 | Vaults:2 | Received a gift from Okawaru
 32585 | Vaults:2 | 32585 ||| FLEEEEING.
 32587 | Vaults:2 | 32587 ||| FLEEEEING.
 32588 | Vaults:2 | 32588 ||| FLEEEEING.
 32589 | Vaults:2 | 32589 ||| FLEEEEING.
 32590 | Vaults:2 | 32590 ||| FLEEEEING.
 32591 | Vaults:2 | 32591 ||| FLEEEEING.
 32592 | Vaults:2 | 32592 ||| FLEEEEING.
 32593 | Vaults:2 | 32593 ||| FLEEEEING.
 32594 | Vaults:2 | 32594 ||| FLEEEEING.
 32595 | Vaults:2 | 32595 ||| FLEEEEING.
 32596 | Vaults:2 | 32596 ||| FLEEEEING.
 32597 | Vaults:2 | 32597 ||| FLEEEEING.
 32598 | Vaults:2 | 32598 ||| FLEEEEING.
 32599 | Vaults:2 | 32599 ||| FLEEEEING.
 32600 | Vaults:2 | 32600 ||| FLEEEEING.
 32601 | Vaults:2 | 32601 ||| FLEEEEING.
 32602 | Vaults:2 | 32602 ||| FLEEEEING.
 32603 | Vaults:2 | 32603 ||| FLEEEEING.
 32604 | Vaults:2 | 32604 ||| FLEEEEING.
 32605 | Vaults:2 | 32605 ||| FLEEEEING.
 32606 | Vaults:2 | 32606 ||| FLEEEEING.
 32607 | Vaults:2 | 32607 ||| FLEEEEING.
 32608 | Vaults:2 | 32608 ||| FLEEEEING.
 32609 | Vaults:2 | 32609 ||| FLEEEEING.
 32610 | Vaults:2 | 32610 ||| FLEEEEING.
 32611 | Vaults:2 | 32611 ||| FLEEEEING.
 32613 | Vaults:2 | 32613 ||| FLEEEEING.
 32614 | Vaults:2 | 32614 ||| FLEEEEING.
 32615 | Vaults:2 | 32615 ||| FLEEEEING.
 32673 | Vaults:2 | Found Apiot's Magic Scroll Boutique.
 32690 | Vaults:2 | 32690 ||| BUYING scroll of enchant armour (120 gold).
 32690 | Vaults:2 | Bought a scroll of enchant armour for 120 gold pieces
 32690 | Vaults:2 | 32690 ||| BUYING scroll of teleportation (48 gold).
 32690 | Vaults:2 | Bought a scroll of teleportation for 48 gold pieces
 32690 | Vaults:2 | 32690 ||| BUYING scroll of teleportation (48 gold).
 32690 | Vaults:2 | Bought a scroll of teleportation for 48 gold pieces
 32703 | Vaults:2 | 32703 ||| DROPPING ring of positive energy.
 32748 | Vaults:3 | 32748 ||| INVOKING Heroism.
 32749 | Vaults:3 | 32749 ||| INVOKING Finesse.
 32853 | Vaults:3 | You are sucked into a shaft and drop 1 floor!
 32854 | Vaults:4 | 32854 ||| PLANNING BAZAAR
 32883 | Vaults:4 | 32883 ||| Stepping ~*~*~tactically~*~*~ (hiding).
 32886 | Vaults:4 | 32886 ||| INVOKING Heroism.
 32887 | Vaults:4 | 32887 ||| INVOKING Finesse.
 33038 | Vaults:4 | Found a flickering gateway to a bazaar.
 33039 | Vaults:4 | 33039 ||| UPGRADING to +0 crystal plate armour.
 33049 | Vaults:4 | 33049 ||| DROPPING +5 troll leather armour "Filijiub" {Fly
                  | Will+++ Regen+ Str+5 Int-5}.
 33050 | Vaults:4 | 33050 ||| READING scroll of enchant armour.
 33050 | Vaults:4 | 33050 ||| ENCHANTING +0 crystal plate armour.
 33057 | Bazaar   | Entered a bazaar
 33078 | Bazaar   | Found Yteb's Weapon Shoppe.
 33094 | Bazaar   | Found Keakum's Magic Scroll Emporium.
 33094 | Bazaar   | Found Feedowib's Magic Scroll Shoppe.
 33099 | Bazaar   | 33099 ||| BUYING scroll of enchant weapon (135 gold).
 33099 | Bazaar   | Bought a scroll of enchant weapon for 135 gold pieces
 33099 | Bazaar   | 33099 ||| BUYING scroll of teleportation (54 gold).
 33099 | Bazaar   | Bought a scroll of teleportation for 54 gold pieces
 33099 | Bazaar   | 33099 ||| BUYING scroll of teleportation (54 gold).
 33099 | Bazaar   | Bought a scroll of teleportation for 54 gold pieces
 33099 | Bazaar   | 33099 ||| BUYING scroll of teleportation (54 gold).
 33099 | Bazaar   | Bought a scroll of teleportation for 54 gold pieces
 33116 | Bazaar   | Found Jisten's Jewellery Emporium.
 33116 | Bazaar   | Found Noploud's Magic Scroll Shoppe.
 33121 | Bazaar   | 33121 ||| BUYING scroll of teleportation (27 gold).
 33121 | Bazaar   | Bought a scroll of teleportation for 27 gold pieces
 33121 | Bazaar   | 33121 ||| BUYING scroll of teleportation (27 gold).
 33121 | Bazaar   | Bought a scroll of teleportation for 27 gold pieces
 33127 | Bazaar   | 33127 ||| BUYING +5 ring of evasion (288 gold).
 33127 | Bazaar   | Bought a +5 ring of evasion for 288 gold pieces
 33153 | Bazaar   | 33153 ||| DROPPING ring of Radoq {+Blink Str+6 Int+3
                  | Dex+3}.
 33161 | Vaults:4 | 33161 ||| PLANNING VAULTS:1-4
 33333 | Vaults:4 | 33333 ||| Stepping ~*~*~tactically~*~*~ (stealth).
 33378 | Vaults:4 | Noticed Donald
 33379 | Vaults:4 | 33379 ||| INVOKING Heroism.
 33383 | Vaults:4 | Killed Donald
 33459 | Vaults:4 | 33459 ||| READING 25 scrolls of identify.
 33459 | Vaults:4 | 33459 ||| IDENTIFYING smoky puce potion
 33460 | Vaults:4 | 33460 ||| DROPPING potion of ambrosia.
 33478 | Vaults:3 | 33478 ||| Stepping ~*~*~tactically~*~*~ (hiding).
 33479 | Vaults:3 | 33479 ||| Stepping ~*~*~tactically~*~*~ (hiding).
 33481 | Vaults:3 | 33481 ||| Stepping ~*~*~tactically~*~*~ (hiding).
 33696 | Vaults:3 | Reached XP level 20. HP: 139/139 MP: 27/27
 33750 | Vaults:3 | Reached skill level 12 in Armour
 33755 | Vaults:3 | 33755 ||| INVOKING Heroism.
 33867 | Vaults:3 | 33867 ||| Stepping ~*~*~tactically~*~*~ (hiding).
 33869 | Vaults:3 | 33869 ||| Stepping ~*~*~tactically~*~*~ (hiding).
 33877 | Vaults:3 | Received a gift from Okawaru
 33991 | Vaults:3 | 33991 ||| READING scroll of acquirement.
 33991 | Vaults:3 | 33991 ||| ACQUIRING +0 pair of gloves of the Farmer {rCorr
                  | Str+4}
 33991 | Vaults:3 | Acquired the +0 pair of gloves of the Farmer {rCorr Str+4}
 33993 | Vaults:3 | 33993 ||| UPGRADING to +0 pair of gloves of the Farmer
                  | {rCorr Str+4}.
 34003 | Vaults:3 | 34003 ||| DROPPING +2 pair of gloves.
 34102 | Vaults:3 | Found a staircase to the Crypt.
 34181 | Vaults:3 | 34181 ||| Stepping ~*~*~tactically~*~*~ (stealth).
 34182 | Vaults:3 | 34182 ||| Stepping ~*~*~tactically~*~*~ (stealth).
 34195 | Vaults:3 | Received a gift from Okawaru
 34233 | Vaults:3 | 34233 ||| UPGRADING to +0 tower shield.
 34243 | Vaults:3 | 34243 ||| DROPPING +3 kite shield of Jecseps {Drain Int+6
                  | Slay+3}.
 34244 | Vaults:3 | 34244 ||| DROPPING +1 kite shield of cold resistance.
 34543 | Vaults:3 | 34543 ||| Stepping ~*~*~tactically~*~*~ (hiding).
 34783 | Vaults:3 | 34783 ||| Stepping ~*~*~tactically~*~*~ (hiding).
 35012 | Vaults:4 | Found Buikh's Antique Weapon Boutique.
 35020 | Vaults:4 | 35020 ||| BUYING runed war axe (214 gold).
 35020 | Vaults:4 | Bought a runed war axe for 214 gold pieces
 35020 | Vaults:4 | 35020 ||| DROPPING +1 war axe of flaming.
 35032 | Vaults:4 | Found Fehiol's Book Boutique.
 35051 | Vaults:4 | Noticed Saint Roka
 35073 | Vaults:4 | Killed Saint Roka
 35199 | Vaults:4 | 35199 ||| Stepping ~*~*~tactically~*~*~ (stealth).
 35208 | Vaults:4 | Received a gift from Okawaru
 35242 | Vaults:4 | Found Lokhoud's Distillery.
 35251 | Vaults:4 | 35251 ||| SHOPLISTING 2 potions of lignification (138 gold,
                  | have 40).
 35251 | Vaults:4 | 35251 ||| SHOPLISTING potion of curing (69 gold, have 40).
 35251 | Vaults:4 | 35251 ||| SHOPLISTING potion of magic (184 gold, have 40).
 35251 | Vaults:4 | 35251 ||| SHOPLISTING potion of mutation (184 gold, have
                  | 40).
 35251 | Vaults:4 | 35251 ||| SHOPLISTING potion of resistance (230 gold, have
                  | 40).
 35290 | Vaults:4 | Found Poexeiti's Weapon Boutique.
 35292 | Vaults:4 | 35292 ||| Stepping ~*~*~tactically~*~*~ (hiding).
 35332 | Vaults:4 | 35332 ||| FLEEEEING.
 35333 | Vaults:4 | 35333 ||| FLEEEEING.
 35334 | Vaults:4 | 35334 ||| FLEEEEING.
 35335 | Vaults:4 | 35335 ||| FLEEEEING.
 35336 | Vaults:4 | 35336 ||| STAIRDANCE
 35440 | Vaults:4 | 35440 ||| STAIRDANCE
 35526 | Vaults:4 | 35526 ||| Stepping ~*~*~tactically~*~*~ (hiding).
 35527 | Vaults:4 | 35527 ||| Stepping ~*~*~tactically~*~*~ (hiding).
 35528 | Vaults:4 | 35528 ||| Stepping ~*~*~tactically~*~*~ (hiding).
 35677 | Vaults:4 | 35677 ||| FLEEEEING.
 35678 | Vaults:4 | 35678 ||| FLEEEEING.
 35679 | Vaults:4 | 35679 ||| FLEEEEING.
 35680 | Vaults:4 | 35680 ||| FLEEEEING.
 35681 | Vaults:4 | 35681 ||| FLEEEEING.
 35682 | Vaults:4 | 35682 ||| FLEEEEING.
 35683 | Vaults:4 | 35683 ||| FLEEEEING.
 35684 | Vaults:4 | 35684 ||| FLEEEEING.
 35685 | Vaults:4 | 35685 ||| FLEEEEING.
 35686 | Vaults:4 | 35686 ||| FLEEEEING.
 35687 | Vaults:4 | 35687 ||| FLEEEEING.
 35688 | Vaults:4 | 35688 ||| FLEEEEING.
 35689 | Vaults:4 | 35689 ||| FLEEEEING.
 35715 | Vaults:4 | 35715 ||| Stepping ~*~*~tactically~*~*~ (hiding).
 35716 | Vaults:4 | 35716 ||| Stepping ~*~*~tactically~*~*~ (hiding).
 35754 | Vaults:4 | Reached skill level 15 in Armour
 35781 | Vaults:4 | Found Besaphis's Antique Weapon Boutique.
 35877 | Vaults:4 | Paralysed by a great orb of eyes for 3 turns
 36107 | Vaults:4 | 36107 ||| PLANNING SNAKE:4
 36543 | Snake:4  | Entered Level 4 of the Snake Pit
 36543 | Snake:4  | Found Xasmop's Jewellery Boutique.
 36553 | Snake:4  | 36553 ||| SHOPLISTING ring of Kuvu {Drain rC+++ Will- Str+3
                  | Slay+4} (2228 gold, have 89).
 36553 | Snake:4  | 36553 ||| SHOPLISTING ring of fire (500 gold, have 89).
 36553 | Snake:4  | 36553 ||| SHOPLISTING ring of protection from fire (500
                  | gold, have 89).
 36553 | Snake:4  | Noticed Nikola
 36562 | Snake:4  | Killed Nikola
 36622 | Snake:4  | Found Bizanab's Armour Shop.
 36629 | Snake:4  | 36629 ||| SHOPLISTING +4 scale mail of Mysticism {rF+++}
                  | (1122 gold, have 89).
 36629 | Snake:4  | Found Vealureh's Distillery.
 36635 | Snake:4  | 36635 ||| BUYING 2 potions of curing (84 gold).
 36635 | Snake:4  | Bought 2 potions of curing for 84 gold pieces
 36635 | Snake:4  | 36635 ||| SHOPLISTING potion of cancellation (112 gold,
                  | have 5).
 36635 | Snake:4  | 36635 ||| SHOPLISTING potion of curing (42 gold, have 5).
 36635 | Snake:4  | 36635 ||| SHOPLISTING potion of might (56 gold, have 5).
 36635 | Snake:4  | 36635 ||| SHOPLISTING potion of mutation (112 gold, have
                  | 5).
 36679 | Snake:4  | 36679 ||| Stepping ~*~*~tactically~*~*~ (hiding).
 36680 | Snake:4  | 36680 ||| Stepping ~*~*~tactically~*~*~ (hiding).
 36895 | Snake:4  | Identified the +0 scale mail of Tenacity {rN++ rCorr Str-4
                  | Slay+5} (Okawaru gifted it to you on level 4 of the Snake
                  | Pit)
 36895 | Snake:4  | Received a gift from Okawaru
 37111 | Snake:4  | 37111 ||| Stepping ~*~*~tactically~*~*~ (hiding).
 37173 | Snake:4  | 37173 ||| INVOKING Heroism.
 37211 | Snake:4  | 37211 ||| Stepping ~*~*~tactically~*~*~ (hiding).
 37245 | Snake:4  | Identified the +0 chain mail of Tender Moments {rPois Str-4
                  | SInv}
 37573 | Snake:4  | Got a serpentine rune of Zot
 37641 | Snake:4  | 37641 ||| PLANNING DEPTHS
 37641 | Snake:4  | 37641 ||| DROPPING +0 acid dragon scales.
 37866 | Depths:1 | Entered Level 1 of the Depths
 37874 | Depths:1 | 37874 ||| INVOKING Heroism.
 37875 | Depths:1 | 37875 ||| INVOKING Finesse.
 37889 | Depths:1 | Reached skill level 18 in Shields
 37908 | Depths:1 | Reached XP level 21. HP: 124/144 MP: 23/28
 37953 | Depths:1 | 37953 ||| INVOKING Finesse.
 37955 | Depths:1 | 37955 ||| Stepping ~*~*~tactically~*~*~ (hiding).
 37961 | Depths:1 | 37961 ||| INVOKING Heroism.
 37964 | Depths:1 | Received a gift from Okawaru
 37966 | Depths:1 | Noticed Asterion
 37984 | Depths:1 | Received a gift from Okawaru
 37989 | Depths:1 | Killed Asterion
 38006 | Depths:1 | Received a gift from Okawaru
 38025 | Depths:1 | Identified the +5 lajatang of Rumotum {spect, *Corrode rN+
                  | Int+4} (Okawaru gifted it to you on level 1 of the Depths)
 38025 | Depths:1 | Received a gift from Okawaru
 38028 | Depths:1 | Reached skill level 18 in Armour
 38065 | Depths:1 | HP: 27/143 [hell knight/+3 demon blade (18)]
 38066 | Depths:1 | 38066 ||| READING 23 scrolls of teleportation.
 38067 | Depths:1 | 38067 ||| DRINKING 5 potions of heal wounds.
 38068 | Depths:1 | 38068 ||| INVOKING Heroism.
 38117 | Depths:1 | 38117 ||| Stepping ~*~*~tactically~*~*~ (hiding).
 38220 | Depths:1 | 38220 ||| DROPPING +0 broad axe of venom.
 38328 | Depths:1 | Found a stormy altar of Qazlal.
 38552 | Depths:1 | 38552 ||| Stepping ~*~*~tactically~*~*~ (hiding).
 38553 | Depths:1 | 38553 ||| Stepping ~*~*~tactically~*~*~ (hiding).
 38554 | Depths:1 | 38554 ||| Stepping ~*~*~tactically~*~*~ (hiding).
 38739 | Depths:1 | 38739 ||| DROPPING 8 boomerangs.
 38743 | Depths:1 | Found a gateway to Hell.
 39062 | Depths:2 | 39062 ||| INVOKING Heroism.
 39063 | Depths:2 | 39063 ||| INVOKING Finesse.
 39074 | Depths:2 | Received a gift from Okawaru
 39118 | Depths:2 | Found a glowing silver altar of Zin.
 39118 | Depths:2 | Found a white marble altar of Elyvilon.
 39119 | Depths:2 | Found a glowing golden altar of the Shining One.
 39153 | Depths:2 | 39153 ||| INVOKING Heroism.
 39154 | Depths:2 | 39154 ||| INVOKING Finesse.
 39165 | Depths:2 | HP: 34/144 [lich/bolt of cold (27)]
 39166 | Depths:2 | 39166 ||| READING 22 scrolls of teleportation.
 39167 | Depths:2 | 39167 ||| DRINKING 6 potions of heal wounds.
 39372 | Depths:2 | 39372 ||| Stepping ~*~*~tactically~*~*~ (hiding).
 39373 | Depths:2 | 39373 ||| INVOKING Heroism.
 39374 | Depths:2 | 39374 ||| Stepping ~*~*~tactically~*~*~ (hiding).
 39380 | Depths:2 | 39380 ||| INVOKING Finesse.
 39409 | Depths:2 | Found Sish's Jewellery Shoppe.
 39545 | Depths:2 | 39545 ||| INVOKING Heroism.
 39596 | Depths:2 | 39596 ||| INVOKING Finesse.
 39603 | Depths:2 | 39603 ||| INVOKING Heroism.
 39635 | Depths:2 | 39635 ||| Stepping ~*~*~tactically~*~*~ (stealth).
 39636 | Depths:2 | 39636 ||| Stepping ~*~*~tactically~*~*~ (stealth).
 39637 | Depths:2 | 39637 ||| Stepping ~*~*~tactically~*~*~ (stealth).
 39638 | Depths:2 | 39638 ||| Stepping ~*~*~tactically~*~*~ (stealth).
 39682 | Depths:2 | Noticed a juggernaut
 39683 | Depths:2 | 39683 ||| INVOKING Heroism.
 39685 | Depths:2 | 39685 ||| INVOKING Finesse.
 39690 | Depths:2 | Killed a juggernaut
 39690 | Depths:2 | Received a gift from Okawaru
 39694 | Depths:2 | 39694 ||| Stepping ~*~*~tactically~*~*~ (hiding).
 39705 | Depths:2 | Reached XP level 22. HP: 149/149 MP: 23/29
 39722 | Depths:2 | 39722 ||| Stepping ~*~*~tactically~*~*~ (stealth).
 39726 | Depths:2 | 39726 ||| INVOKING Finesse.
 39729 | Depths:2 | 39729 ||| Stepping ~*~*~tactically~*~*~ (hiding).
 39751 | Depths:2 | 39751 ||| Stepping ~*~*~tactically~*~*~ (stealth).
 39787 | Depths:2 | 39787 ||| INVOKING Heroism.
 39788 | Depths:2 | 39788 ||| INVOKING Finesse.
 39836 | Depths:2 | 39836 ||| Stepping ~*~*~tactically~*~*~ (hiding).
 39842 | Depths:2 | 39842 ||| INVOKING Heroism.
 39870 | Depths:2 | 39870 ||| DRINKING potion of experience.
 39870 | Depths:2 | Reached XP level 23. HP: 155/155 MP: 30/30
 39877 | Depths:2 | Identified the +0 helmet of Ropniwump {Str+4}
 39883 | Depths:2 | 39883 ||| Stepping ~*~*~tactically~*~*~ (hiding).
 39897 | Depths:2 | 39897 ||| INVOKING Heroism.
 39903 | Depths:2 | Received a gift from Okawaru
 39932 | Depths:2 | 39932 ||| INVOKING Heroism.
 40104 | Depths:2 | 40104 ||| Stepping ~*~*~tactically~*~*~ (hiding).
 40232 | Depths:2 | 40232 ||| DROPPING +0 helmet of Ropniwump {Str+4}.
 40297 | Depths:3 | Received a gift from Okawaru
 40299 | Depths:3 | 40299 ||| INVOKING Heroism.
 40356 | Depths:3 | 40356 ||| Stepping ~*~*~tactically~*~*~ (hiding).
 40359 | Depths:3 | 40359 ||| INVOKING Heroism.
 40415 | Depths:3 | Noticed a golden dragon
 40416 | Depths:3 | 40416 ||| Stepping ~*~*~tactically~*~*~ (hiding).
 40419 | Depths:3 | 40419 ||| INVOKING Heroism.
 40429 | Depths:3 | Killed a golden dragon
 40497 | Depths:3 | 40497 ||| INVOKING Heroism.
 40517 | Depths:3 | You are sucked into a shaft and drop 1 floor!
 40517 | Depths:4 | Entered Level 4 of the Depths
 40518 | Depths:4 | Noticed a golden dragon
 40531 | Depths:4 | Killed a golden dragon
 40537 | Depths:4 | Reached skill level 21 in Armour
 40557 | Depths:4 | 40557 ||| Stepping ~*~*~tactically~*~*~ (cloud).
 40564 | Depths:4 | 40564 ||| Stepping ~*~*~tactically~*~*~ (cloud).
 40569 | Depths:4 | 40569 ||| Stepping ~*~*~tactically~*~*~ (cloud).
 40592 | Depths:3 | Found Gafia's Assorted Antiques.
 40597 | Depths:3 | Noticed a golden dragon
 40598 | Depths:3 | 40598 ||| INVOKING Heroism.
 40599 | Depths:3 | 40599 ||| INVOKING Finesse.
 40608 | Depths:3 | Killed a golden dragon
 40650 | Depths:3 | 40650 ||| DROPPING +1 plate armour of cold resistance.
 40651 | Depths:3 | 40651 ||| UPGRADING to +0 gold dragon scales.
 40661 | Depths:3 | 40661 ||| DROPPING +0 ice dragon scales.
 40673 | Depths:2 | 40673 ||| BUYING ring of resist corrosion (280 gold).
 40673 | Depths:2 | Bought a ring of resist corrosion for 280 gold pieces
 40684 | Depths:3 | 40684 ||| Stepping ~*~*~tactically~*~*~ (hiding).
 40766 | Depths:3 | 40766 ||| INVOKING Heroism.
 40772 | Depths:3 | 40772 ||| Stepping ~*~*~tactically~*~*~ (hiding).
 40775 | Depths:3 | 40775 ||| Stepping ~*~*~tactically~*~*~ (hiding).
 40776 | Depths:3 | Noticed a juggernaut
 40777 | Depths:3 | 40777 ||| Stepping ~*~*~tactically~*~*~ (hiding).
 40782 | Depths:3 | 40782 ||| INVOKING Finesse.
 40797 | Depths:3 | Killed a juggernaut
 41037 | Depths:3 | Noticed a juggernaut
 41038 | Depths:3 | 41038 ||| INVOKING Heroism.
 41039 | Depths:3 | 41039 ||| INVOKING Finesse.
 41055 | Depths:3 | Killed a juggernaut
 41055 | Depths:3 | Identified the +0 chain mail of Delightful Happiness {rN+
                  | Str-4 Int+3} (Okawaru gifted it to you on level 3 of the
                  | Depths)
 41055 | Depths:3 | Received a gift from Okawaru
 41203 | Depths:3 | Found a one-way gate to the infinite horrors of the Abyss.
 41273 | Depths:3 | Found a one-way gateway to a ziggurat.
 41384 | Depths:4 | Paralysed by a floating eye for 4 turns
 41388 | Depths:4 | 41388 ||| INVOKING Heroism.
 41389 | Depths:4 | 41389 ||| INVOKING Finesse.
 41501 | Depths:4 | 41501 ||| Stepping ~*~*~tactically~*~*~ (hiding).
 41502 | Depths:4 | 41502 ||| Stepping ~*~*~tactically~*~*~ (hiding).
 41507 | Depths:4 | 41507 ||| INVOKING Heroism.
 41606 | Depths:4 | Found a sparkling altar of Nemelex Xobeh.
 41665 | Depths:4 | 41665 ||| INVOKING Heroism.
 41784 | Depths:4 | Found a gate to the Realm of Zot.
 41784 | Depths:4 | Noticed a golden dragon
 41785 | Depths:4 | 41785 ||| INVOKING Heroism.
 41793 | Depths:4 | Killed a golden dragon
 41913 | Depths:4 | Found an iron altar of Okawaru.
 42036 | Depths:4 | Identified the +1 robe of Jegiedau {Drain Str+7 Int+2
                  | Dex-4}
 42172 | Depths:4 | 42172 ||| PLANNING VAULTS:5
 42238 | Depths:3 | 42238 ||| Stepping ~*~*~tactically~*~*~ (stealth).
 42281 | Depths:3 | 42281 ||| Stepping ~*~*~tactically~*~*~ (hiding).
 42283 | Depths:3 | 42283 ||| INVOKING Heroism.
 42290 | Depths:3 | Reached XP level 24. HP: 160/163 MP: 29/30
 42407 | Depths:3 | 42407 ||| Stepping ~*~*~tactically~*~*~ (hiding).
 42808 | Depths:3 | 42808 ||| DROPPING +1 broad axe.
 42809 | Depths:3 | 42809 ||| DROPPING +8 war axe of protection.
 42815 | Depths:3 | 42815 ||| DROPPING +2 pair of boots.
 43130 | Vaults:5 | Entered Level 5 of the Vaults
 43131 | Vaults:5 | 43131 ||| INVOKING Heroism.
 43148 | Vaults:5 | Reached skill level 21 in Shields
 43155 | Vaults:5 | Received a gift from Okawaru
 43178 | Vaults:5 | Noticed a dread lich
 43185 | Vaults:5 | Received a gift from Okawaru
 43195 | Vaults:5 | 43195 ||| INVOKING Heroism.
 43199 | Vaults:5 | Killed a dread lich
 43244 | Vaults:5 | 43244 ||| Stepping ~*~*~tactically~*~*~ (stealth).
 43256 | Vaults:5 | Reached skill level 21 in Fighting
 43269 | Vaults:5 | 43269 ||| Stepping ~*~*~tactically~*~*~ (hiding).
 43272 | Vaults:5 | 43272 ||| INVOKING Heroism.
 43285 | Vaults:5 | 43285 ||| Stepping ~*~*~tactically~*~*~ (hiding).
 43366 | Vaults:5 | 43366 ||| Stepping ~*~*~tactically~*~*~ (hiding).
 43369 | Vaults:5 | 43369 ||| Stepping ~*~*~tactically~*~*~ (hiding).
 43481 | Vaults:5 | 43481 ||| FLEEEEING.
 43482 | Vaults:5 | 43482 ||| FLEEEEING.
 43483 | Vaults:5 | 43483 ||| FLEEEEING.
 43499 | Vaults:5 | 43499 ||| FLEEEEING.
 43500 | Vaults:5 | 43500 ||| FLEEEEING.
 43501 | Vaults:5 | 43501 ||| FLEEEEING.
 43502 | Vaults:5 | 43502 ||| FLEEEEING.
 43503 | Vaults:5 | 43503 ||| FLEEEEING.
 43504 | Vaults:5 | 43504 ||| FLEEEEING.
 43505 | Vaults:5 | 43505 ||| FLEEEEING.
 43506 | Vaults:5 | 43506 ||| FLEEEEING.
 43507 | Vaults:5 | 43507 ||| FLEEEEING.
 43508 | Vaults:5 | 43508 ||| FLEEEEING.
 43509 | Vaults:5 | 43509 ||| FLEEEEING.
 43510 | Vaults:5 | 43510 ||| FLEEEEING.
 43511 | Vaults:5 | 43511 ||| FLEEEEING.
 43512 | Vaults:5 | 43512 ||| FLEEEEING.
 43513 | Vaults:5 | 43513 ||| FLEEEEING.
 43514 | Vaults:5 | 43514 ||| FLEEEEING.
 43515 | Vaults:5 | 43515 ||| FLEEEEING.
 43518 | Vaults:5 | 43518 ||| Stepping ~*~*~tactically~*~*~ (hiding).
 43519 | Vaults:5 | 43519 ||| FLEEEEING.
 43530 | Vaults:5 | Received a gift from Okawaru
 43538 | Vaults:5 | 43538 ||| FLEEEEING.
 43539 | Vaults:5 | 43539 ||| FLEEEEING.
 43540 | Vaults:5 | 43540 ||| FLEEEEING.
 43541 | Vaults:5 | 43541 ||| FLEEEEING.
 43542 | Vaults:5 | 43542 ||| FLEEEEING.
 43543 | Vaults:5 | 43543 ||| FLEEEEING.
 43546 | Vaults:5 | 43546 ||| FLEEEEING.
 43547 | Vaults:5 | 43547 ||| FLEEEEING.
 43548 | Vaults:5 | 43548 ||| FLEEEEING.
 43549 | Vaults:5 | 43549 ||| FLEEEEING.
 43550 | Vaults:5 | 43550 ||| FLEEEEING.
 43551 | Vaults:5 | 43551 ||| FLEEEEING.
 43552 | Vaults:5 | 43552 ||| FLEEEEING.
 43856 | Vaults:5 | 43856 ||| Stepping ~*~*~tactically~*~*~ (hiding).
 43860 | Vaults:5 | 43860 ||| INVOKING Heroism.
 43878 | Vaults:5 | Received a gift from Okawaru
 43906 | Vaults:5 | 43906 ||| Stepping ~*~*~tactically~*~*~ (hiding).
 43966 | Vaults:5 | Noticed a dread lich
 43967 | Vaults:5 | 43967 ||| INVOKING Heroism.
 43968 | Vaults:5 | 43968 ||| INVOKING Finesse.
 43985 | Vaults:5 | Killed a dread lich
 43987 | Vaults:5 | 43987 ||| Stepping ~*~*~tactically~*~*~ (stealth).
 43988 | Vaults:5 | 43988 ||| Stepping ~*~*~tactically~*~*~ (hiding).
 43989 | Vaults:5 | 43989 ||| Stepping ~*~*~tactically~*~*~ (hiding).
 44051 | Vaults:5 | Identified the +7 great sword of Distraction {vamp, rF+
                  | Str+5}
 44115 | Vaults:5 | 44115 ||| Stepping ~*~*~tactically~*~*~ (hiding).
 44122 | Vaults:5 | Identified the +1 plate armour "Fosaefue" {Str+4} (Okawaru
                  | gifted it to you on level 5 of the Vaults)
 44122 | Vaults:5 | Received a gift from Okawaru
 44128 | Vaults:5 | 44128 ||| Stepping ~*~*~tactically~*~*~ (hiding).
 44143 | Vaults:5 | 44143 ||| INVOKING Heroism.
 44148 | Vaults:5 | 44148 ||| INVOKING Finesse.
 44265 | Vaults:5 | 44265 ||| Stepping ~*~*~tactically~*~*~ (stealth).
 44267 | Vaults:5 | 44267 ||| Stepping ~*~*~tactically~*~*~ (stealth).
 44269 | Vaults:5 | 44269 ||| Stepping ~*~*~tactically~*~*~ (hiding).
 44282 | Vaults:5 | 44282 ||| Stepping ~*~*~tactically~*~*~ (hiding).
 44388 | Vaults:5 | 44388 ||| Stepping ~*~*~tactically~*~*~ (hiding).
 44391 | Vaults:5 | 44391 ||| INVOKING Heroism.
 44442 | Vaults:5 | 44442 ||| Stepping ~*~*~tactically~*~*~ (stealth).
 44444 | Vaults:5 | 44444 ||| Stepping ~*~*~tactically~*~*~ (hiding).
 44473 | Vaults:5 | 44473 ||| INVOKING Heroism.
 44498 | Vaults:5 | Reached XP level 25. HP: 173/173 MP: 30/30
 44593 | Vaults:5 | 44593 ||| Stepping ~*~*~tactically~*~*~ (hiding).
 44637 | Vaults:5 | Got a silver rune of Zot
 44646 | Vaults:5 | 44646 ||| READING 2 scrolls of enchant armour.
 44646 | Vaults:5 | 44646 ||| ENCHANTING +0 gold dragon scales.
 44647 | Vaults:5 | 44647 ||| READING scroll of enchant armour.
 44647 | Vaults:5 | 44647 ||| ENCHANTING +1 gold dragon scales.
 44693 | Vaults:5 | 44693 ||| Stepping ~*~*~tactically~*~*~ (hiding).
 44864 | Vaults:5 | Identified the +0 pair of gloves of the Marlin {rN++}
 44897 | Vaults:5 | 44897 ||| Stepping ~*~*~tactically~*~*~ (hiding).
 45007 | Vaults:5 | 45007 ||| PLANNING SHOPPING SPREE
 45007 | Vaults:5 | 45007 ||| DROPPING +0 pair of gloves of the Marlin {rN++}.
 45008 | Vaults:5 | 45008 ||| DROPPING +1 plate armour "Fosaefue" {Str+4}.
 45009 | Vaults:5 | 45009 ||| DROPPING +1 plate armour of fire resistance.
 45455 | Shoals:3 | 45455 ||| BUYING scroll of teleportation (39 gold).
 45455 | Shoals:3 | Bought a scroll of teleportation for 39 gold pieces
 45607 | Snake:4  | 45607 ||| BUYING potion of cancellation (112 gold).
 45607 | Snake:4  | Bought a potion of cancellation for 112 gold pieces
 45607 | Snake:4  | 45607 ||| BUYING potion of curing (42 gold).
 45607 | Snake:4  | Bought a potion of curing for 42 gold pieces
 45607 | Snake:4  | 45607 ||| BUYING potion of might (56 gold).
 45607 | Snake:4  | Bought a potion of might for 56 gold pieces
 45607 | Snake:4  | 45607 ||| BUYING potion of mutation (112 gold).
 45607 | Snake:4  | Bought a potion of mutation for 112 gold pieces
 45607 | Snake:4  | 45607 ||| BUYING potion of mutation (112 gold).
 45607 | Snake:4  | Bought a potion of mutation for 112 gold pieces
 46021 | Vaults:4 | 46021 ||| BUYING 2 potions of lignification (138 gold).
 46021 | Vaults:4 | Bought 2 potions of lignification for 138 gold pieces
 46021 | Vaults:4 | 46021 ||| BUYING potion of curing (69 gold).
 46021 | Vaults:4 | Bought a potion of curing for 69 gold pieces
 46021 | Vaults:4 | 46021 ||| BUYING potion of curing (69 gold).
 46021 | Vaults:4 | Bought a potion of curing for 69 gold pieces
 46021 | Vaults:4 | 46021 ||| BUYING potion of curing (69 gold).
 46021 | Vaults:4 | Bought a potion of curing for 69 gold pieces
 46021 | Vaults:4 | 46021 ||| BUYING potion of magic (184 gold).
 46021 | Vaults:4 | Bought a potion of magic for 184 gold pieces
 46021 | Vaults:4 | 46021 ||| BUYING potion of mutation (184 gold).
 46021 | Vaults:4 | Bought a potion of mutation for 184 gold pieces
 46021 | Vaults:4 | 46021 ||| CLEARING SHOPPING LIST
 46021 | Vaults:4 | 46021 ||| PLANNING ZOT:1-4
 46345 | Zot:1    | Entered Level 1 of the Realm of Zot
 46367 | Zot:1    | 46367 ||| Stepping ~*~*~tactically~*~*~ (hiding).
 46609 | Zot:1    | 46609 ||| Stepping ~*~*~tactically~*~*~ (hiding).
 46610 | Zot:1    | 46610 ||| Stepping ~*~*~tactically~*~*~ (hiding).
 46892 | Zot:1    | Received a gift from Okawaru
 46912 | Zot:1    | 46912 ||| Stepping ~*~*~tactically~*~*~ (stealth).
 46938 | Zot:1    | 46938 ||| FLEEEEING.
 46940 | Zot:1    | 46940 ||| FLEEEEING.
 46955 | Zot:1    | 46955 ||| Stepping ~*~*~tactically~*~*~ (hiding).
 46962 | Zot:1    | 46962 ||| INVOKING Heroism.
 47101 | Zot:1    | Received a gift from Okawaru
 47124 | Zot:1    | 47124 ||| Stepping ~*~*~tactically~*~*~ (stealth).
 47126 | Zot:1    | 47126 ||| Stepping ~*~*~tactically~*~*~ (hiding).
 47355 | Zot:1    | 47355 ||| UPGRADING to +1 cloak of willpower.
 47393 | Zot:2    | 47393 ||| INVOKING Heroism.
 47488 | Zot:2    | 47488 ||| Stepping ~*~*~tactically~*~*~ (stealth).
 47491 | Zot:2    | 47491 ||| Stepping ~*~*~tactically~*~*~ (stealth).
 47508 | Zot:2    | 47508 ||| Stepping ~*~*~tactically~*~*~ (hiding).
 47509 | Zot:2    | 47509 ||| Stepping ~*~*~tactically~*~*~ (hiding).
 47511 | Zot:2    | 47511 ||| Stepping ~*~*~tactically~*~*~ (hiding).
 47524 | Zot:2    | Identified the +0 tower shield of the Cuttlefish {Harm
                  | Dex+6} (Okawaru gifted it to you on level 2 of the Realm of
                  | Zot)
 47524 | Zot:2    | Received a gift from Okawaru
 47708 | Zot:2    | 47708 ||| Stepping ~*~*~tactically~*~*~ (stealth).
 47830 | Zot:2    | 47830 ||| Stepping ~*~*~tactically~*~*~ (stealth).
 47862 | Zot:2    | Identified the +1 robe of Qazlal's Vengeance {Str+4
                  | Archmagi}
 48342 | Zot:3    | 48342 ||| INVOKING Heroism.
 48387 | Zot:3    | Found the +4 dragonskin cloak
 48387 | Zot:3    | Noticed Tiamat
 48388 | Zot:3    | 48388 ||| INVOKING Finesse.
 48404 | Zot:3    | 48404 ||| INVOKING Heroism.
 48442 | Zot:3    | Reached skill level 24 in Fighting
 48462 | Zot:3    | Killed Tiamat
 48656 | Zot:3    | 48656 ||| Stepping ~*~*~tactically~*~*~ (hiding).
 48858 | Zot:3    | 48858 ||| Stepping ~*~*~tactically~*~*~ (hiding).
 48859 | Zot:3    | 48859 ||| Stepping ~*~*~tactically~*~*~ (hiding).
 48860 | Zot:3    | 48860 ||| Stepping ~*~*~tactically~*~*~ (hiding).
 48861 | Zot:3    | 48861 ||| Stepping ~*~*~tactically~*~*~ (hiding).
 48862 | Zot:3    | 48862 ||| Stepping ~*~*~tactically~*~*~ (hiding).
 48868 | Zot:3    | 48868 ||| INVOKING Heroism.
 48879 | Zot:3    | Reached skill level 12 in Throwing
 48879 | Zot:3    | 48879 ||| Stepping ~*~*~tactically~*~*~ (hiding).
 48953 | Zot:3    | 48953 ||| INVOKING Heroism.
 49382 | Zot:3    | 49382 ||| UPGRADING to +4 dragonskin cloak.
 49392 | Zot:3    | 49392 ||| DROPPING +1 cloak of willpower.
 49393 | Zot:3    | 49393 ||| DROPPING +2 cloak.
 49426 | Zot:4    | 49426 ||| Stepping ~*~*~tactically~*~*~ (hiding).
 49428 | Zot:4    | 49428 ||| Stepping ~*~*~tactically~*~*~ (stealth).
 49487 | Zot:4    | 49487 ||| INVOKING Heroism.
 49506 | Zot:4    | Received a gift from Okawaru
 49689 | Zot:4    | 49689 ||| INVOKING Heroism.
 49698 | Zot:4    | Reached XP level 26. HP: 174/186 MP: 29/30
 49741 | Zot:4    | Received a gift from Okawaru
 49781 | Zot:4    | 49781 ||| INVOKING Heroism.
 49785 | Zot:4    | 49785 ||| Stepping ~*~*~tactically~*~*~ (hiding).
 49800 | Zot:4    | 49800 ||| Stepping ~*~*~tactically~*~*~ (hiding).
 49821 | Zot:4    | Received a gift from Okawaru
 49835 | Zot:4    | 49835 ||| Stepping ~*~*~tactically~*~*~ (hiding).
 49858 | Zot:4    | 49858 ||| Stepping ~*~*~tactically~*~*~ (hiding).
 49955 | Zot:4    | 49955 ||| Stepping ~*~*~tactically~*~*~ (hiding).
 49957 | Zot:4    | 49957 ||| Stepping ~*~*~tactically~*~*~ (hiding).
 49959 | Zot:4    | 49959 ||| Stepping ~*~*~tactically~*~*~ (hiding).
 49960 | Zot:4    | 49960 ||| Stepping ~*~*~tactically~*~*~ (hiding).
 49962 | Zot:4    | 49962 ||| INVOKING Heroism.
 50143 | Zot:4    | 50143 ||| Stepping ~*~*~tactically~*~*~ (stealth).
 50195 | Zot:4    | Identified the ring "Fomuymy" {Ice Dex+2 Slay+5}
 50195 | Zot:4    | Noticed Josephina
 50204 | Zot:4    | Killed Josephina
 50218 | Zot:4    | 50218 ||| Stepping ~*~*~tactically~*~*~ (stealth).
 50447 | Zot:4    | 50447 ||| Stepping ~*~*~tactically~*~*~ (stealth).
 50455 | Zot:4    | 50455 ||| Stepping ~*~*~tactically~*~*~ (hiding).
 50456 | Zot:4    | 50456 ||| Stepping ~*~*~tactically~*~*~ (hiding).
 50619 | Zot:4    | 50619 ||| PLANNING SLIME:5
 50619 | Zot:4    | 50619 ||| UPGRADING to ring of protection from cold.
 50621 | Zot:4    | 50621 ||| UPGRADING to +1 crystal plate armour.
 50631 | Zot:4    | 50631 ||| UPGRADING to +5 ring of evasion.
 50633 | Zot:4    | 50633 ||| UPGRADING to +2 gold dragon scales.
 50643 | Zot:4    | 50643 ||| UPGRADING to ring "Fomuymy" {Ice Dex+2 Slay+5}.
 50645 | Zot:4    | 50645 ||| UPGRADING to +1 crystal plate armour.
 51083 | Slime:1  | Entered Level 1 of the Pits of Slime
 51115 | Slime:2  | 51115 ||| STAIRDANCE
 51125 | Slime:2  | 51125 ||| STAIRDANCE
 51133 | Slime:2  | 51133 ||| STAIRDANCE
 51158 | Slime:3  | 51158 ||| STAIRDANCE
 51163 | Slime:3  | 51163 ||| STAIRDANCE
 51167 | Slime:2  | Lost mutation: Your spells are a little harder to cast, but
                  | a little more powerful. [a shining eye]
 51173 | Slime:3  | 51173 ||| STAIRDANCE
 51176 | Slime:2  | Gained mutation: You are weak. (Str -2) [a shining eye]
 51181 | Slime:3  | 51181 ||| STAIRDANCE
 51188 | Slime:3  | 51188 ||| STAIRDANCE
 51213 | Slime:4  | 51213 ||| STAIRDANCE
 51240 | Slime:5  | Entered Level 5 of the Pits of Slime
 51241 | Slime:5  | 51241 ||| STAIRDANCE
 51350 | Slime:5  | 51350 ||| STAIRDANCE
 51394 | Slime:5  | Gained mutation: Your body sometimes deteriorates upon
                  | taking damage. [a shining eye]
 51396 | Slime:5  | Gained mutation: You are frail. (-10% HP) [a shining eye]
 51398 | Slime:5  | 51398 ||| DRINKING 18 potions of mutation.
 51398 | Slime:5  | Lost mutation: You are frail. (-10% HP) [potion of
                  | mutation]
 51398 | Slime:5  | Lost mutation: You are weak. (Str -2) [potion of mutation]
 51398 | Slime:5  | Lost mutation: You are partially covered in iridescent
                  | scales. (AC +2) [potion of mutation]
 51398 | Slime:5  | Gained mutation: You expend magic power (3 MP) to
                  | strengthen your wands. [potion of mutation]
 51398 | Slime:5  | Gained mutation: Your flesh is cold resistant. (rC+)
                  | [potion of mutation]
 51398 | Slime:5  | Gained mutation: You are partially covered in iridescent
                  | scales. (AC +2) [potion of mutation]
 51487 | Slime:5  | Noticed the Royal Jelly
 51489 | Slime:5  | 51489 ||| INVOKING Heroism.
 51490 | Slime:5  | 51490 ||| INVOKING Finesse.
 51513 | Slime:5  | Killed the Royal Jelly
 51600 | Slime:5  | Found the +7 mace of Variability {chaos, chaos arc}
 51609 | Slime:5  | Gained mutation: Your body often deteriorates upon taking
                  | damage. [a shining eye]
 51611 | Slime:5  | Gained mutation: You are frail. (-10% HP) [a shining eye]
 51715 | Slime:5  | 51715 ||| DRINKING 17 potions of mutation.
 51715 | Slime:5  | Lost mutation: You are dopey. (Int -2) [potion of mutation]
 51715 | Slime:5  | Lost mutation: Your body often deteriorates upon taking
                  | damage. [potion of mutation]
 51715 | Slime:5  | Gained mutation: Your skin changes colour to match your
                  | surroundings (Stealth+). [potion of mutation]
 51715 | Slime:5  | Gained mutation: You are occasionally teleported next to
                  | monsters. [potion of mutation]
 51716 | Slime:5  | 51716 ||| DRINKING 16 potions of mutation.
 51716 | Slime:5  | Lost mutation: You are occasionally teleported next to
                  | monsters. [potion of mutation]
 51716 | Slime:5  | Lost mutation: Your skin changes colour to match your
                  | surroundings (Stealth+). [potion of mutation]
 51716 | Slime:5  | Gained mutation: Your muscles are strong. (Str +4, Int/Dex
                  | -1) [potion of mutation]
 51716 | Slime:5  | Gained mutation: You have hidden genetic potential. [potion
                  | of mutation]
 51717 | Slime:5  | 51717 ||| DRINKING 15 potions of mutation.
 51717 | Slime:5  | Lost mutation: You are partially covered in iridescent
                  | scales. (AC +2) [potion of mutation]
 51717 | Slime:5  | Lost mutation: You have hidden genetic potential. [potion
                  | of mutation]
 51717 | Slime:5  | Gained mutation: You have a pair of small horns on your
                  | head. [potion of mutation]
 51718 | Slime:5  | 51718 ||| DRINKING 14 potions of mutation.
 51718 | Slime:5  | Lost mutation: You expend magic power (3 MP) to strengthen
                  | your wands. [potion of mutation]
 51718 | Slime:5  | Lost mutation: You are frail. (-10% HP) [potion of
                  | mutation]
 51718 | Slime:5  | Gained mutation: Your mind is acute. (Int +4, Str/Dex -1)
                  | [potion of mutation]
 51718 | Slime:5  | Gained mutation: A frigid envelope surrounds you and
                  | freezes all who hurt you. [potion of mutation]
 51758 | Slime:5  | Identified the amulet "Ziatsag" {Faith Fragile Fly rElec
                  | Slay+4}
 51774 | Slime:5  | 51774 ||| READING scroll of acquirement.
 51774 | Slime:5  | 51774 ||| ACQUIRING +8 broad axe of freezing
 51774 | Slime:5  | Acquired a +8 broad axe of freezing
 51776 | Slime:5  | 51776 ||| DROPPING +4 broad axe of flaming.
 51778 | Slime:5  | Identified the +0 scale mail of Infinity {Str+3}
 51781 | Slime:5  | Identified the staff of cold "Girhi" {rC+ rN+ Str+3}
 51791 | Slime:5  | 51791 ||| READING scroll of enchant armour.
 51791 | Slime:5  | 51791 ||| ENCHANTING +1 crystal plate armour.
 51795 | Slime:5  | 51795 ||| DROPPING +0 heavy broad axe.
 51814 | Slime:5  | Got a slimy rune of Zot
 51831 | Slime:5  | 51831 ||| READING scroll of acquirement.
 51831 | Slime:5  | 51831 ||| ACQUIRING +8 broad axe of Xyegubou {freeze, rElec
                  | Dex+2 Stlth+}
 51831 | Slime:5  | Acquired the +8 broad axe of Xyegubou {freeze, rElec Dex+2
                  | Stlth+}
 52225 | Slime:5  | 52225 ||| PLANNING THE SHINING ONE WORSHIP
 52225 | Slime:5  | 52225 ||| DROPPING +2 helmet of the Storm King {Contam
                  | rPois Dex+4 SInv}.
 52226 | Slime:5  | 52226 ||| DROPPING +0 scale mail of Tenacity {rN++ rCorr
                  | Str-4 Slay+5}.
 52227 | Slime:5  | 52227 ||| DROPPING +1 helmet of Yesterday {Int+2 Dex+2
                  | Slay+3}.
 52228 | Slime:5  | 52228 ||| DROPPING amulet of regeneration.
 52229 | Slime:5  | 52229 ||| UPGRADING to ring of Zeluf {rPois Will+ Str+3
                  | SInv}.
 52231 | Slime:5  | 52231 ||| UPGRADING to +5 ring of evasion.
 52233 | Slime:5  | 52233 ||| DROPPING ring of resist corrosion.
 52499 | Depths:2 | 52499 ||| SWAPPING to +8 broad axe of Xyegubou {freeze,
                  | rElec Dex+2 Stlth+}.
 52500 | Depths:2 | Fell from the grace of Okawaru
 52500 | Depths:2 | Became a worshipper of the Shining One
 52500 | Depths:2 | 52500 ||| PLANNING CRYPT
 52756 | Crypt:1  | Entered Level 1 of the Crypt
 52765 | Crypt:1  | Reached * piety under the Shining One
 52834 | Crypt:1  | Reached ** piety under the Shining One
 52895 | Crypt:1  | Reached *** piety under the Shining One
 52896 | Crypt:1  | 52896 ||| Stepping ~*~*~tactically~*~*~ (stealth).
 52898 | Crypt:1  | 52898 ||| Stepping ~*~*~tactically~*~*~ (stealth).
 52901 | Crypt:1  | 52901 ||| Stepping ~*~*~tactically~*~*~ (stealth).
 52902 | Crypt:1  | 52902 ||| Stepping ~*~*~tactically~*~*~ (stealth).
 52905 | Crypt:1  | 52905 ||| Stepping ~*~*~tactically~*~*~ (stealth).
 52907 | Crypt:1  | 52907 ||| Stepping ~*~*~tactically~*~*~ (stealth).
 52918 | Crypt:1  | 52918 ||| INVOKING Cleansing Flame.
 52926 | Crypt:1  | 52926 ||| INVOKING Cleansing Flame.
 52951 | Crypt:1  | Reached skill level 12 in Invocations
 52952 | Crypt:1  | 52952 ||| Stepping ~*~*~tactically~*~*~ (hiding).
 52959 | Crypt:1  | 52959 ||| Stepping ~*~*~tactically~*~*~ (stealth).
 52960 | Crypt:1  | 52960 ||| Stepping ~*~*~tactically~*~*~ (stealth).
 53034 | Crypt:1  | Reached **** piety under the Shining One
 53035 | Crypt:1  | 53035 ||| Stepping ~*~*~tactically~*~*~ (stealth).
 53230 | Crypt:1  | 53230 ||| Stepping ~*~*~tactically~*~*~ (stealth).
 53232 | Crypt:1  | 53232 ||| Stepping ~*~*~tactically~*~*~ (hiding).
 53239 | Crypt:1  | 53239 ||| Stepping ~*~*~tactically~*~*~ (hiding).
 53370 | Crypt:1  | 53370 ||| Stepping ~*~*~tactically~*~*~ (stealth).
 53489 | Crypt:1  | 53489 ||| UPGRADING to +5 ring of evasion.
 53491 | Crypt:1  | 53491 ||| DROPPING ring of Zeluf {rPois Will+ Str+3 SInv}.
 53563 | Crypt:2  | 53563 ||| Stepping ~*~*~tactically~*~*~ (hiding).
 53581 | Crypt:2  | 53581 ||| Stepping ~*~*~tactically~*~*~ (cloud).
 53614 | Crypt:2  | 53614 ||| FLEEEEING.
 53615 | Crypt:2  | 53615 ||| FLEEEEING.
 53616 | Crypt:2  | 53616 ||| FLEEEEING.
 53799 | Crypt:2  | 53799 ||| Stepping ~*~*~tactically~*~*~ (stealth).
 53800 | Crypt:2  | 53800 ||| Stepping ~*~*~tactically~*~*~ (stealth).
 53804 | Crypt:2  | Reached ***** piety under the Shining One
 53840 | Crypt:2  | 53840 ||| Stepping ~*~*~tactically~*~*~ (hiding).
 53869 | Crypt:2  | 53869 ||| Stepping ~*~*~tactically~*~*~ (hiding).
 53881 | Crypt:2  | Reached XP level 27. HP: 187/197 MP: 32/32
 54008 | Crypt:2  | 54008 ||| Stepping ~*~*~tactically~*~*~ (hiding).
 54171 | Crypt:2  | 54171 ||| Stepping ~*~*~tactically~*~*~ (hiding).
 54172 | Crypt:2  | 54172 ||| Stepping ~*~*~tactically~*~*~ (hiding).
 54173 | Crypt:2  | 54173 ||| Stepping ~*~*~tactically~*~*~ (hiding).
 54491 | Crypt:2  | 54491 ||| Stepping ~*~*~tactically~*~*~ (stealth).
 54513 | Crypt:2  | 54513 ||| Stepping ~*~*~tactically~*~*~ (stealth).
 54747 | Crypt:3  | Entered Level 3 of the Crypt
 54748 | Crypt:3  | 54748 ||| PLANNING WIZLAB
 54765 | Crypt:3  | Noticed Boris
 54766 | Crypt:3  | 54766 ||| Stepping ~*~*~tactically~*~*~ (hiding).
 54767 | Crypt:3  | 54767 ||| INVOKING Summon Divine Warrior.
 54773 | Crypt:3  | Killed Boris
 54808 | Crypt:3  | Found a staircase to the Tomb.
 54808 | Crypt:3  | Identified the +4 trident of Revolt {protect, Int+3}
 54813 | Crypt:3  | Found a magical portal.
 54827 | WizLab   | Entered The Hall of the Hellbinder
 54850 | WizLab   | Reached ****** piety under the Shining One
 54851 | WizLab   | 54851 ||| INVOKING Brand Weapon With Holy Wrath.
 54851 | WizLab   | Identified a +9 broad axe of holy wrath (a +8 broad axe of
                  | freezing blessed by the Shining One)
 54851 | WizLab   | Received a gift from the Shining One
 54873 | WizLab   | 54873 ||| Stepping ~*~*~tactically~*~*~ (hiding).
 54874 | WizLab   | 54874 ||| Stepping ~*~*~tactically~*~*~ (hiding).
 54885 | WizLab   | 54885 ||| Stepping ~*~*~tactically~*~*~ (hiding).
 54887 | WizLab   | 54887 ||| Stepping ~*~*~tactically~*~*~ (hiding).
 54888 | WizLab   | 54888 ||| Stepping ~*~*~tactically~*~*~ (hiding).
 54961 | WizLab   | 54961 ||| Stepping ~*~*~tactically~*~*~ (hiding).
 54962 | WizLab   | 54962 ||| Stepping ~*~*~tactically~*~*~ (hiding).
 54963 | WizLab   | 54963 ||| Stepping ~*~*~tactically~*~*~ (hiding).
 54964 | WizLab   | 54964 ||| Stepping ~*~*~tactically~*~*~ (hiding).
 54965 | WizLab   | 54965 ||| Stepping ~*~*~tactically~*~*~ (hiding).
 54969 | WizLab   | 54969 ||| Stepping ~*~*~tactically~*~*~ (hiding).
 55090 | WizLab   | 55090 ||| FLEEEEING.
 55091 | WizLab   | 55091 ||| FLEEEEING.
 55092 | WizLab   | 55092 ||| FLEEEEING.
 55093 | WizLab   | 55093 ||| FLEEEEING.
 55094 | WizLab   | 55094 ||| FLEEEEING.
 55095 | WizLab   | 55095 ||| FLEEEEING.
 55096 | WizLab   | 55096 ||| FLEEEEING.
 55097 | WizLab   | 55097 ||| FLEEEEING.
 55098 | WizLab   | 55098 ||| FLEEEEING.
 55099 | WizLab   | 55099 ||| FLEEEEING.
 55100 | WizLab   | 55100 ||| FLEEEEING.
 55101 | WizLab   | 55101 ||| FLEEEEING.
 55102 | WizLab   | 55102 ||| FLEEEEING.
 55103 | WizLab   | 55103 ||| FLEEEEING.
 55104 | WizLab   | 55104 ||| FLEEEEING.
 55105 | WizLab   | 55105 ||| FLEEEEING.
 55106 | WizLab   | 55106 ||| FLEEEEING.
 55107 | WizLab   | 55107 ||| FLEEEEING.
 55108 | WizLab   | 55108 ||| FLEEEEING.
 55135 | WizLab   | Gained mutation: Your magical capacity is low. (-10% MP) [a
                  | neqoxec]
 55135 | WizLab   | Lost mutation: You have a pair of small horns on your head.
                  | [a neqoxec]
 55170 | WizLab   | 55170 ||| Stepping ~*~*~tactically~*~*~ (stealth).
 55196 | WizLab   | 55196 ||| Stepping ~*~*~tactically~*~*~ (hiding).
 55252 | WizLab   | 55252 ||| Stepping ~*~*~tactically~*~*~ (hiding).
 55257 | WizLab   | Gained mutation: You are occasionally teleported next to
                  | monsters. [a cacodemon]
 55258 | WizLab   | Gained mutation: You sometimes lose your temper in combat.
                  | [a cacodemon]
 55262 | WizLab   | 55262 ||| DRINKING 13 potions of mutation.
 55262 | WizLab   | Lost mutation: Your flesh is cold resistant. (rC+) [potion
                  | of mutation]
 55262 | WizLab   | Lost mutation: Your magical capacity is low. (-10% MP)
                  | [potion of mutation]
 55262 | WizLab   | Lost mutation: A frigid envelope surrounds you and freezes
                  | all who hurt you. [potion of mutation]
 55262 | WizLab   | Gained mutation: Your spells are a little harder to cast,
                  | but a little more powerful. [potion of mutation]
 55262 | WizLab   | Gained mutation: Armour fits poorly on your strangely
                  | shaped body. [potion of mutation]
 55262 | WizLab   | Gained mutation: You have large cloven feet. [potion of
                  | mutation]
 55272 | WizLab   | 55272 ||| DRINKING 12 potions of mutation.
 55272 | WizLab   | Lost mutation: You have large cloven feet. [potion of
                  | mutation]
 55272 | WizLab   | Lost mutation: Your mind is acute. (Int +4, Str/Dex -1)
                  | [potion of mutation]
 55272 | WizLab   | Lost mutation: You are occasionally teleported next to
                  | monsters. [potion of mutation]
 55272 | WizLab   | Gained mutation: Your magical capacity is low. (-10% MP)
                  | [potion of mutation]
 55272 | WizLab   | Gained mutation: You are robust. (+10% HP) [potion of
                  | mutation]
 55306 | WizLab   | 55306 ||| DRINKING 11 potions of mutation.
 55306 | WizLab   | Lost mutation: Your magical capacity is low. (-10% MP)
                  | [potion of mutation]
 55306 | WizLab   | Lost mutation: Your spells are a little harder to cast, but
                  | a little more powerful. [potion of mutation]
 55306 | WizLab   | Gained mutation: You are partially covered in iridescent
                  | scales. (AC +2) [potion of mutation]
 55306 | WizLab   | Gained mutation: You have sharp toenails. [potion of
                  | mutation]
 55306 | WizLab   | Gained mutation: You are mostly covered in iridescent
                  | scales. (AC +4) [potion of mutation]
 55306 | WizLab   | Gained mutation: Your muscles are very strong. (Str +8,
                  | Int/Dex -2) [potion of mutation]
 55307 | WizLab   | 55307 ||| DRINKING 10 potions of mutation.
 55307 | WizLab   | Lost mutation: Your muscles are very strong. (Str +8,
                  | Int/Dex -2) [potion of mutation]
 55307 | WizLab   | Lost mutation: You are mostly covered in iridescent scales.
                  | (AC +4) [potion of mutation]
 55307 | WizLab   | Lost mutation: You are partially covered in iridescent
                  | scales. (AC +2) [potion of mutation]
 55307 | WizLab   | Lost mutation: Your muscles are strong. (Str +4, Int/Dex
                  | -1) [potion of mutation]
 55307 | WizLab   | Gained mutation: You are agile. (Dex +4, Str/Int -1)
                  | [potion of mutation]
 55308 | WizLab   | 55308 ||| DRINKING 9 potions of mutation.
 55308 | WizLab   | Lost mutation: You are robust. (+10% HP) [potion of
                  | mutation]
 55308 | WizLab   | Lost mutation: Your body sometimes deteriorates upon taking
                  | damage. [potion of mutation]
 55308 | WizLab   | Lost mutation: You have sharp toenails. [potion of
                  | mutation]
 55308 | WizLab   | Gained mutation: Your spells are a little harder to cast,
                  | but a little more powerful. [potion of mutation]
 55308 | WizLab   | Gained mutation: Your magical capacity is low. (-10% MP)
                  | [potion of mutation]
 55309 | WizLab   | 55309 ||| DRINKING 8 potions of mutation.
 55309 | WizLab   | Lost mutation: Your magical capacity is low. (-10% MP)
                  | [potion of mutation]
 55309 | WizLab   | Lost mutation: You are agile. (Dex +4, Str/Int -1) [potion
                  | of mutation]
 55309 | WizLab   | Gained mutation: You occasionally shout uncontrollably at
                  | your foes. [potion of mutation]
 55309 | WizLab   | Gained mutation: You are strong-willed. (Will+) [potion of
                  | mutation]
 55310 | WizLab   | 55310 ||| DRINKING 7 potions of mutation.
 55310 | WizLab   | Lost mutation: You sometimes lose your temper in combat.
                  | [potion of mutation]
 55310 | WizLab   | Lost mutation: You occasionally shout uncontrollably at
                  | your foes. [potion of mutation]
 55310 | WizLab   | Lost mutation: You are strong-willed. (Will+) [potion of
                  | mutation]
 55310 | WizLab   | Gained mutation: Potions are less effective at restoring
                  | your health. [potion of mutation]
 55310 | WizLab   | Gained mutation: You passively map a small area around you.
                  | [potion of mutation]
 55311 | WizLab   | 55311 ||| DRINKING 6 potions of mutation.
 55311 | WizLab   | Lost mutation: Armour fits poorly on your strangely shaped
                  | body. [potion of mutation]
 55311 | WizLab   | Lost mutation: Potions are less effective at restoring your
                  | health. [potion of mutation]
 55311 | WizLab   | Gained mutation: Your spells are harder to cast, but more
                  | powerful. [potion of mutation]
 55311 | WizLab   | Gained mutation: You possess an exceptional clarity of
                  | mind. [potion of mutation]
 55311 | WizLab   | Gained mutation: Your muscles are strong. (Str +4, Int/Dex
                  | -1) [potion of mutation]
 55315 | WizLab   | 55315 ||| Stepping ~*~*~tactically~*~*~ (stealth).
 55367 | WizLab   | 55367 ||| Stepping ~*~*~tactically~*~*~ (stealth).
 55402 | WizLab   | Found a burning altar of Makhleb.
 55455 | WizLab   | 55455 ||| DROPPING +1 cloak of willpower.
 55456 | WizLab   | 55456 ||| DROPPING +1 cloak of poison resistance.
 55457 | WizLab   | 55457 ||| UPGRADING to +2 gold dragon scales.
 55475 | WizLab   | 55475 ||| FLEEEEING.
 55476 | WizLab   | 55476 ||| FLEEEEING.
 55477 | WizLab   | 55477 ||| FLEEEEING.
 55478 | WizLab   | 55478 ||| FLEEEEING.
 55479 | WizLab   | 55479 ||| FLEEEEING.
 55480 | WizLab   | 55480 ||| FLEEEEING.
 55481 | WizLab   | 55481 ||| FLEEEEING.
 55482 | WizLab   | 55482 ||| FLEEEEING.
 55483 | WizLab   | 55483 ||| FLEEEEING.
 55489 | WizLab   | 55489 ||| FLEEEEING.
 55490 | WizLab   | 55490 ||| FLEEEEING.
 55491 | WizLab   | 55491 ||| FLEEEEING.
 55492 | WizLab   | 55492 ||| FLEEEEING.
 55493 | WizLab   | 55493 ||| FLEEEEING.
 55494 | WizLab   | 55494 ||| FLEEEEING.
 55495 | WizLab   | 55495 ||| FLEEEEING.
 55496 | WizLab   | 55496 ||| FLEEEEING.
 55497 | WizLab   | 55497 ||| FLEEEEING.
 55498 | WizLab   | 55498 ||| FLEEEEING.
 55499 | WizLab   | 55499 ||| FLEEEEING.
 55570 | WizLab   | 55570 ||| UPGRADING to +2 gold dragon scales.
 55584 | Crypt:3  | 55584 ||| PLANNING CRYPT
 55659 | Crypt:3  | 55659 ||| INVOKING Summon Divine Warrior.
 55661 | Crypt:3  | 55661 ||| INVOKING Cleansing Flame.
 55662 | Crypt:3  | Reached skill level 15 in Invocations
 55707 | Crypt:3  | 55707 ||| Stepping ~*~*~tactically~*~*~ (hiding).
 55832 | Crypt:3  | 55832 ||| INVOKING Cleansing Flame.
 55854 | Crypt:3  | 55854 ||| INVOKING Cleansing Flame.
 55855 | Crypt:3  | 55855 ||| INVOKING Cleansing Flame.
 55856 | Crypt:3  | 55856 ||| INVOKING Cleansing Flame.
 56013 | Crypt:3  | Noticed a dread lich
 56013 | Crypt:3  | Noticed an ancient lich
 56135 | Crypt:3  | 56135 ||| Stepping ~*~*~tactically~*~*~ (hiding).
 56679 | Crypt:3  | 56679 ||| PLANNING TOMB
 56679 | Crypt:3  | 56679 ||| SWAPPING to +9 broad axe of holy wrath.
 56717 | Tomb:1   | Entered Level 1 of the Tomb of the Ancients
 56830 | Tomb:1   | Paralysed by a sphinx for 5 turns
 56838 | Tomb:1   | 56838 ||| INVOKING Summon Divine Warrior.
 57112 | Tomb:1   | 57112 ||| INVOKING Cleansing Flame.
 57113 | Tomb:1   | 57113 ||| INVOKING Cleansing Flame.
 57114 | Tomb:1   | 57114 ||| INVOKING Cleansing Flame.
 57115 | Tomb:1   | Noticed a royal mummy
 57116 | Tomb:1   | 57116 ||| INVOKING Summon Divine Warrior.
 57118 | Tomb:1   | 57118 ||| INVOKING Cleansing Flame.
 57119 | Tomb:1   | 57119 ||| INVOKING Cleansing Flame.
 57125 | Tomb:1   | Killed a royal mummy
 57128 | Tomb:1   | 57128 ||| INVOKING Cleansing Flame.
 57143 | Tomb:1   | 57143 ||| INVOKING Cleansing Flame.
 57144 | Tomb:1   | 57144 ||| INVOKING Cleansing Flame.
 57599 | Tomb:1   | 57599 ||| Stepping ~*~*~tactically~*~*~ (stealth).
 57617 | Tomb:1   | 57617 ||| FLEEEEING.
 57618 | Tomb:1   | 57618 ||| FLEEEEING.
 57718 | Tomb:1   | 57718 ||| INVOKING Summon Divine Warrior.
 57836 | Tomb:1   | Noticed a royal mummy
 57836 | Tomb:1   | Noticed a royal mummy
 57837 | Tomb:1   | 57837 ||| INVOKING Cleansing Flame.
 57838 | Tomb:1   | 57838 ||| INVOKING Cleansing Flame.
 57839 | Tomb:1   | 57839 ||| INVOKING Cleansing Flame.
 57839 | Tomb:1   | Killed a royal mummy
 57840 | Tomb:1   | 57840 ||| INVOKING Cleansing Flame.
 57840 | Tomb:1   | Killed a royal mummy
 57844 | Tomb:1   | Lost mutation: You possess an exceptional clarity of mind.
                  | [mutagenic glow]
 57850 | Tomb:1   | Gained mutation: You have hidden genetic defects.
                  | [mutagenic glow]
 57896 | Tomb:1   | Was forgiven by Okawaru
 58303 | Tomb:1   | 58303 ||| Stepping randomly (stuck).
 58304 | Tomb:1   | 58304 ||| Stepping randomly (stuck).
 58305 | Tomb:1   | 58305 ||| Stepping randomly (stuck).
 58306 | Tomb:1   | 58306 ||| Stepping randomly (stuck).
 58307 | Tomb:1   | 58307 ||| Stepping randomly (stuck).
 58308 | Tomb:1   | 58308 ||| Stepping randomly (stuck).
 58309 | Tomb:1   | 58309 ||| Stepping randomly (stuck).
 58310 | Tomb:1   | 58310 ||| Stepping randomly (stuck).
 58311 | Tomb:1   | 58311 ||| Stepping randomly (stuck).
 58312 | Tomb:1   | 58312 ||| Stepping randomly (stuck).
 58313 | Tomb:1   | 58313 ||| Stepping randomly (stuck).
 58314 | Tomb:1   | 58314 ||| Stepping randomly (stuck).
 58315 | Tomb:1   | 58315 ||| Stepping randomly (stuck).
 58316 | Tomb:1   | 58316 ||| Stepping randomly (stuck).
 58317 | Tomb:1   | 58317 ||| Stepping randomly (stuck).
 58318 | Tomb:1   | 58318 ||| Stepping randomly (stuck).
 58319 | Tomb:1   | 58319 ||| Stepping randomly (stuck).
 58320 | Tomb:1   | 58320 ||| Stepping randomly (stuck).
 58321 | Tomb:1   | 58321 ||| Stepping randomly (stuck).
 58322 | Tomb:1   | 58322 ||| Stepping randomly (stuck).
 58323 | Tomb:1   | 58323 ||| Stepping randomly (stuck).
 58324 | Tomb:1   | 58324 ||| Stepping randomly (stuck).
 58325 | Tomb:1   | 58325 ||| Stepping randomly (stuck).
 58326 | Tomb:1   | 58326 ||| Stepping randomly (stuck).
 58327 | Tomb:1   | 58327 ||| Stepping randomly (stuck).
 58328 | Tomb:1   | 58328 ||| Stepping randomly (stuck).
 58329 | Tomb:1   | 58329 ||| Stepping randomly (stuck).
 58330 | Tomb:1   | 58330 ||| Stepping randomly (stuck).
 58331 | Tomb:1   | 58331 ||| Stepping randomly (stuck).
 58332 | Tomb:1   | 58332 ||| Stepping randomly (stuck).
 58333 | Tomb:1   | 58333 ||| Stepping randomly (stuck).
 58334 | Tomb:1   | 58334 ||| Stepping randomly (stuck).
 58335 | Tomb:1   | 58335 ||| Stepping randomly (stuck).
 58336 | Tomb:1   | 58336 ||| Stepping randomly (stuck).
 58337 | Tomb:1   | 58337 ||| Stepping randomly (stuck).
 58338 | Tomb:1   | 58338 ||| Stepping randomly (stuck).
 58339 | Tomb:1   | 58339 ||| Stepping randomly (stuck).
 58340 | Tomb:1   | 58340 ||| Stepping randomly (stuck).
 58341 | Tomb:1   | 58341 ||| Stepping randomly (stuck).
 58342 | Tomb:1   | 58342 ||| Stepping randomly (stuck).
 58343 | Tomb:1   | 58343 ||| Stepping randomly (stuck).
 58344 | Tomb:1   | 58344 ||| Stepping randomly (stuck).
 58345 | Tomb:1   | 58345 ||| Stepping randomly (stuck).
 58346 | Tomb:1   | 58346 ||| Stepping randomly (stuck).
 58347 | Tomb:1   | 58347 ||| Stepping randomly (stuck).
 58348 | Tomb:1   | 58348 ||| Stepping randomly (stuck).
 58349 | Tomb:1   | 58349 ||| Stepping randomly (stuck).
 58350 | Tomb:1   | 58350 ||| Stepping randomly (stuck).
 58351 | Tomb:1   | 58351 ||| Stepping randomly (stuck).
 58352 | Tomb:1   | 58352 ||| Stepping randomly (stuck).
 58353 | Tomb:1   | 58353 ||| Stepping randomly (stuck).
 58354 | Tomb:1   | 58354 ||| READING 28 scrolls of teleportation.
 58357 | Tomb:1   | 58357 ||| READING 27 scrolls of teleportation.
 58361 | Tomb:1   | 58361 ||| READING 26 scrolls of teleportation.
 58365 | Tomb:1   | Noticed a royal mummy
 58365 | Tomb:1   | Noticed a royal mummy
 58365 | Tomb:1   | Noticed a royal mummy
 58365 | Tomb:1   | Noticed a royal mummy
 58366 | Tomb:1   | 58366 ||| INVOKING Summon Divine Warrior.
 58367 | Tomb:1   | 58367 ||| INVOKING Cleansing Flame.
 58368 | Tomb:1   | 58368 ||| INVOKING Summon Divine Warrior.
 58369 | Tomb:1   | 58369 ||| INVOKING Cleansing Flame.
 58370 | Tomb:1   | Killed a royal mummy
 58374 | Tomb:1   | Killed a royal mummy
 58374 | Tomb:1   | Killed a royal mummy
 58377 | Tomb:1   | 58377 ||| INVOKING Cleansing Flame.
 58379 | Tomb:1   | 58379 ||| INVOKING Cleansing Flame.
 58383 | Tomb:1   | Killed a royal mummy
 58463 | Tomb:1   | Noticed a royal mummy
 58471 | Tomb:1   | Killed a royal mummy
 58543 | Tomb:1   | Noticed a royal mummy
 58547 | Tomb:1   | 58547 ||| INVOKING Cleansing Flame.
 58548 | Tomb:1   | 58548 ||| INVOKING Cleansing Flame.
 58549 | Tomb:1   | 58549 ||| INVOKING Cleansing Flame.
 58549 | Tomb:1   | Killed a royal mummy
 58602 | Tomb:1   | Noticed a royal mummy
 58604 | Tomb:1   | Noticed a royal mummy
 58608 | Tomb:1   | Noticed a royal mummy
 58609 | Tomb:1   | 58609 ||| INVOKING Cleansing Flame.
 58610 | Tomb:1   | 58610 ||| INVOKING Cleansing Flame.
 58610 | Tomb:1   | Killed a royal mummy
 58611 | Tomb:1   | 58611 ||| INVOKING Cleansing Flame.
 58615 | Tomb:1   | Noticed a royal mummy
 58616 | Tomb:1   | Killed a royal mummy
 58621 | Tomb:1   | 58621 ||| INVOKING Summon Divine Warrior.
 58626 | Tomb:1   | Noticed a royal mummy
 58627 | Tomb:1   | 58627 ||| INVOKING Cleansing Flame.
 58628 | Tomb:1   | 58628 ||| INVOKING Cleansing Flame.
 58630 | Tomb:1   | Killed a royal mummy
 58630 | Tomb:1   | HP: 49/197 [royal mummy/divine providence (12)]
 58631 | Tomb:1   | 58631 ||| READING 25 scrolls of teleportation.
 58632 | Tomb:1   | 58632 ||| DRINKING 16 potions of heal wounds.
 58633 | Tomb:1   | 58633 ||| DRINKING 15 potions of heal wounds.
 58634 | Tomb:1   | 58634 ||| INVOKING Cleansing Flame.
 58635 | Tomb:1   | 58635 ||| INVOKING Cleansing Flame.
 58887 | Tomb:1   | 58887 ||| READING 24 scrolls of teleportation.
 58890 | Tomb:1   | 58890 ||| READING 23 scrolls of teleportation.
 58894 | Tomb:1   | 58894 ||| READING 22 scrolls of teleportation.
 58899 | Tomb:1   | 58899 ||| READING 21 scrolls of teleportation.
 58904 | Tomb:1   | 58904 ||| READING 20 scrolls of teleportation.
 58982 | Tomb:1   | Noticed a royal mummy
 58983 | Tomb:1   | 58983 ||| INVOKING Summon Divine Warrior.
 58987 | Tomb:1   | 58987 ||| INVOKING Cleansing Flame.
 58988 | Tomb:1   | 58988 ||| INVOKING Cleansing Flame.
 58989 | Tomb:1   | 58989 ||| INVOKING Cleansing Flame.
 58990 | Tomb:1   | 58990 ||| INVOKING Cleansing Flame.
 58990 | Tomb:1   | Killed a royal mummy
 58995 | Tomb:1   | 58995 ||| INVOKING Cleansing Flame.
 58995 | Tomb:1   | Killed a royal mummy
 58997 | Tomb:1   | Killed a royal mummy
 58997 | Tomb:1   | Gained mutation: You are clumsy. (Dex -2) [hidden defects]
 59465 | Tomb:2   | 59465 ||| DRINKING 8 potions of haste.
 59466 | Tomb:2   | 59466 ||| DRINKING 11 potions of attraction.
 59483 | Tomb:2   | Reached skill level 24 in Armour
 59544 | Tomb:2   | 59544 ||| Stepping ~*~*~tactically~*~*~ (hiding).
 59545 | Tomb:2   | 59545 ||| Stepping ~*~*~tactically~*~*~ (hiding).
 59553 | Tomb:2   | 59553 ||| INVOKING Cleansing Flame.
 59679 | Tomb:2   | 59679 ||| INVOKING Cleansing Flame.
 59687 | Tomb:2   | 59687 ||| INVOKING Cleansing Flame.
 59766 | Tomb:2   | Gained mutation: You are dopey. (Int -2) [mutagenic glow]
 59773 | Tomb:2   | Gained mutation: You are partially covered in iridescent
                  | scales. (AC +2) [mutagenic glow]
 59809 | Tomb:2   | Gained mutation: You are vulnerable to cold. (rC-)
                  | [mutagenic glow]
 59908 | Tomb:3   | Entered Level 3 of the Tomb of the Ancients
 59909 | Tomb:3   | 59909 ||| DRINKING 7 potions of haste.
 59910 | Tomb:3   | 59910 ||| DRINKING 10 potions of attraction.
 59932 | Tomb:3   | Noticed a royal mummy
 59932 | Tomb:3   | 59932 ||| INVOKING Summon Divine Warrior.
 59934 | Tomb:3   | 59934 ||| INVOKING Cleansing Flame.
 59935 | Tomb:3   | 59935 ||| INVOKING Cleansing Flame.
 59938 | Tomb:3   | Killed a royal mummy
 59939 | Tomb:3   | Reached skill level 18 in Invocations
 59941 | Tomb:3   | Noticed a royal mummy
 59944 | Tomb:3   | 59944 ||| INVOKING Cleansing Flame.
 59945 | Tomb:3   | 59945 ||| INVOKING Cleansing Flame.
 59946 | Tomb:3   | 59946 ||| INVOKING Cleansing Flame.
 59947 | Tomb:3   | 59947 ||| INVOKING Cleansing Flame.
 59949 | Tomb:3   | Killed a royal mummy
 59950 | Tomb:3   | 59950 ||| INVOKING Cleansing Flame.
 59951 | Tomb:3   | 59951 ||| INVOKING Cleansing Flame.
 59966 | Tomb:3   | 59966 ||| INVOKING Summon Divine Warrior.
 59967 | Tomb:3   | 59967 ||| INVOKING Cleansing Flame.
 59968 | Tomb:3   | 59968 ||| INVOKING Cleansing Flame.
 59968 | Tomb:3   | Noticed a royal mummy
 59972 | Tomb:3   | 59972 ||| INVOKING Cleansing Flame.
 59973 | Tomb:3   | 59973 ||| INVOKING Summon Divine Warrior.
 59976 | Tomb:3   | 59976 ||| INVOKING Cleansing Flame.
 59977 | Tomb:3   | 59977 ||| INVOKING Cleansing Flame.
 59979 | Tomb:3   | Killed a royal mummy
 59993 | Tomb:3   | Noticed a royal mummy
 59994 | Tomb:3   | Gained mutation: You occasionally shout uncontrollably at
                  | your foes. [hidden defects]
 59994 | Tomb:3   | Lost mutation: You have hidden genetic defects. [hidden
                  | defects expressed]
 60001 | Tomb:3   | Killed a royal mummy
 60203 | Tomb:3   | Noticed a royal mummy
 60206 | Tomb:3   | 60206 ||| INVOKING Cleansing Flame.
 60209 | Tomb:3   | Killed a royal mummy
 60216 | Tomb:3   | 60216 ||| INVOKING Cleansing Flame.
 60340 | Tomb:3   | Noticed a royal mummy
 60344 | Tomb:3   | 60344 ||| INVOKING Cleansing Flame.
 60346 | Tomb:3   | Killed a royal mummy
 60365 | Tomb:3   | Noticed a royal mummy
 60368 | Tomb:3   | 60368 ||| INVOKING Cleansing Flame.
 60371 | Tomb:3   | Killed a royal mummy
 60494 | Tomb:3   | Found the +4 skin of Zhor {*Englaciate rC+++ SInv}
 60512 | Tomb:3   | Found the +3 Elemental Staff {rElec rF+ rC+ AC+3}
 60520 | Tomb:3   | Identified the staff of air "Feunics" {rElec rCorr Int+5}
 60527 | Tomb:3   | Identified the +8 battleaxe of Freezing Innocence {heavy,
                  | rN+ SInv}
 60542 | Tomb:3   | Identified the ring of Zuhiocij {Fly rN+}
 60546 | Tomb:3   | Identified the +11 great mace of Wu Jian's Reproof {vamp,
                  | rElec rPois rC- rN+ Dex+3}
 60549 | Tomb:3   | Identified the staff of fire "Kaoxogy" {rF+ Dex+5}
 60550 | Tomb:3   | Identified the staff of conjuration "Fereomea" {rN+}
 60551 | Tomb:3   | Identified the +7 demon whip "Tautse" {flame, rElec MP+9
                  | Str+3}
 60604 | Tomb:3   | Noticed a royal mummy
 60622 | Tomb:3   | Killed a royal mummy
 60645 | Tomb:3   | Noticed a royal mummy
 60648 | Tomb:3   | 60648 ||| INVOKING Cleansing Flame.
 60653 | Tomb:3   | 60653 ||| INVOKING Cleansing Flame.
 60658 | Tomb:3   | Killed a royal mummy
 60665 | Tomb:3   | 60665 ||| INVOKING Cleansing Flame.
 60942 | Tomb:3   | Got a golden rune of Zot
 61191 | Tomb:3   | 61191 ||| PLANNING ABYSS
 61191 | Tomb:3   | 61191 ||| SWAPPING to +8 broad axe of Xyegubou {freeze,
                  | rElec Dex+2 Stlth+}.
 61192 | Tomb:3   | 61192 ||| DROPPING ring of Zuhiocij {Fly rN+}.
 61307 | Tomb:1   | Gained mutation: You do not regenerate when monsters are
                  | visible. [mutagenic glow]
 61308 | Tomb:1   | 61308 ||| DRINKING 5 potions of mutation.
 61308 | Tomb:1   | Lost mutation: You occasionally shout uncontrollably at
                  | your foes. [potion of mutation]
 61308 | Tomb:1   | Lost mutation: You are dopey. (Int -2) [potion of mutation]
 61308 | Tomb:1   | Lost mutation: You are clumsy. (Dex -2) [potion of
                  | mutation]
 61308 | Tomb:1   | Gained mutation: You are frail. (-10% HP) [potion of
                  | mutation]
 61308 | Tomb:1   | Gained mutation: You are dopey. (Int -2) [potion of
                  | mutation]
 61308 | Tomb:1   | Gained mutation: You have an increased reservoir of magic.
                  | (+10% MP) [potion of mutation]
 61309 | Tomb:1   | 61309 ||| DRINKING 4 potions of mutation.
 61309 | Tomb:1   | Lost mutation: You are dopey. (Int -2) [potion of mutation]
 61309 | Tomb:1   | Lost mutation: Your muscles are strong. (Str +4, Int/Dex
                  | -1) [potion of mutation]
 61309 | Tomb:1   | Lost mutation: You are vulnerable to cold. (rC-) [potion of
                  | mutation]
 61309 | Tomb:1   | Gained mutation: You are somewhat resistant to further
                  | mutation. [potion of mutation]
 61310 | Tomb:1   | 61310 ||| DRINKING 3 potions of mutation.
 61310 | Tomb:1   | Lost mutation: You do not regenerate when monsters are
                  | visible. [potion of mutation]
 61310 | Tomb:1   | Lost mutation: You are partially covered in iridescent
                  | scales. (AC +2) [potion of mutation]
 61310 | Tomb:1   | Gained mutation: You passively dampen the noise of your
                  | surroundings. [potion of mutation]
 61311 | Tomb:1   | 61311 ||| DRINKING 2 potions of mutation.
 61311 | Tomb:1   | Lost mutation: You passively map a small area around you.
                  | [potion of mutation]
 61311 | Tomb:1   | Lost mutation: You are somewhat resistant to further
                  | mutation. [potion of mutation]
 61311 | Tomb:1   | Gained mutation: You have a pair of small horns on your
                  | head. [potion of mutation]
 61311 | Tomb:1   | Gained mutation: You passively map a small area around you.
                  | [potion of mutation]
 61312 | Tomb:1   | 61312 ||| DRINKING potion of mutation.
 61312 | Tomb:1   | Lost mutation: You are frail. (-10% HP) [potion of
                  | mutation]
 61312 | Tomb:1   | Lost mutation: You have an increased reservoir of magic.
                  | (+10% MP) [potion of mutation]
 61312 | Tomb:1   | Gained mutation: Your mind is acute. (Int +4, Str/Dex -1)
                  | [potion of mutation]
 61312 | Tomb:1   | Gained mutation: Your natural rate of healing is unusually
                  | fast. [potion of mutation]
 61312 | Tomb:1   | Gained mutation: You are strong-willed. (Will+) [potion of
                  | mutation]
 61319 | Tomb:1   | Gained mutation: Armour fits poorly on your strangely
                  | shaped body. [mutagenic glow]
 61330 | Tomb:1   | Gained mutation: You are clumsy. (Dex -2) [mutagenic glow]
 61331 | Tomb:2   | Noticed a royal mummy
 61331 | Tomb:2   | Noticed Boris
 61332 | Tomb:2   | 61332 ||| INVOKING Summon Divine Warrior.
 61334 | Tomb:2   | Noticed a royal mummy
 61335 | Tomb:2   | 61335 ||| INVOKING Cleansing Flame.
 61338 | Tomb:2   | Identified the orb of Onedutz {guile, rF++ Dex+4 Stlth-}
 61339 | Tomb:2   | Noticed a royal mummy
 61342 | Tomb:2   | Killed Boris
 61343 | Tomb:2   | 61343 ||| INVOKING Cleansing Flame.
 61344 | Tomb:2   | 61344 ||| INVOKING Cleansing Flame.
 61344 | Tomb:2   | Noticed a royal mummy
 61344 | Tomb:2   | Noticed a royal mummy
 61345 | Tomb:2   | 61345 ||| INVOKING Cleansing Flame.
 61345 | Tomb:2   | Killed a royal mummy
 61347 | Tomb:2   | 61347 ||| INVOKING Cleansing Flame.
 61347 | Tomb:2   | Killed a royal mummy
 61348 | Tomb:2   | Lost mutation: Your mind is acute. (Int +4, Str/Dex -1)
                  | [mutagenic glow]
 61350 | Tomb:2   | 61350 ||| INVOKING Cleansing Flame.
 61351 | Tomb:2   | 61351 ||| INVOKING Cleansing Flame.
 61352 | Tomb:2   | 61352 ||| INVOKING Cleansing Flame.
 61353 | Tomb:2   | 61353 ||| INVOKING Cleansing Flame.
 61353 | Tomb:2   | Killed a royal mummy
 61357 | Tomb:2   | 61357 ||| INVOKING Cleansing Flame.
 61357 | Tomb:2   | HP: 42/197 [royal mummy/divine providence (15)]
 61358 | Tomb:2   | 61358 ||| READING 22 scrolls of teleportation.
 61359 | Tomb:2   | 61359 ||| DRINKING 14 potions of heal wounds.
 61360 | Tomb:2   | 61360 ||| INVOKING Cleansing Flame.
 61361 | Tomb:2   | 61361 ||| INVOKING Summon Divine Warrior.
 61361 | Tomb:2   | Identified the +3 tower shield "Yrukhufaej" {Regen+ Dex+2}
 61362 | Tomb:2   | 61362 ||| INVOKING Cleansing Flame.
 61363 | Tomb:2   | 61363 ||| INVOKING Cleansing Flame.
 61363 | Tomb:2   | Killed a royal mummy
 61363 | Tomb:2   | HP: 48/197 [royal mummy (6)]
 61364 | Tomb:2   | 61364 ||| READING 21 scrolls of teleportation.
 61365 | Tomb:2   | Killed a royal mummy
 61366 | Tomb:2   | 61366 ||| DRINKING 13 potions of heal wounds.
 73578 | Tomb:1   | Glimpsed the power of Zot.
 74072 | Tomb:1   | Glimpsed the power of Zot.
 74468 | Tomb:1   | Glimpsed the power of Zot.
 74566 | Tomb:1   | Touched by the power of Zot.
 74567 | Tomb:1   | Glimpsed the power of Zot.
 75061 | Tomb:1   | Glimpsed the power of Zot.
 75457 | Tomb:1   | Glimpsed the power of Zot.
 75554 | Tomb:1   | Touched by the power of Zot.
 75555 | Tomb:1   | Glimpsed the power of Zot.
 76049 | Tomb:1   | Glimpsed the power of Zot.
 76445 | Tomb:1   | Glimpsed the power of Zot.
 76542 | Tomb:1   | Touched by the power of Zot.
 76543 | Tomb:1   | Glimpsed the power of Zot.
 77037 | Tomb:1   | Glimpsed the power of Zot.
 77433 | Tomb:1   | Glimpsed the power of Zot.
 77530 | Tomb:1   | Touched by the power of Zot.
 77531 | Tomb:1   | Glimpsed the power of Zot.
 78025 | Tomb:1   | Glimpsed the power of Zot.
 78421 | Tomb:1   | Glimpsed the power of Zot.
 78518 | Tomb:1   | Touched by the power of Zot.
 78519 | Tomb:1   | Glimpsed the power of Zot.
 79013 | Tomb:1   | Glimpsed the power of Zot.
 79409 | Tomb:1   | Glimpsed the power of Zot.
 79506 | Tomb:1   | Touched by the power of Zot.
 79507 | Tomb:1   | Glimpsed the power of Zot.
 80001 | Tomb:1   | Glimpsed the power of Zot.
 80397 | Tomb:1   | Glimpsed the power of Zot.
 80494 | Tomb:1   | Touched by the power of Zot.
 80495 | Tomb:1   | Glimpsed the power of Zot.
 80989 | Tomb:1   | Glimpsed the power of Zot.
 81385 | Tomb:1   | Glimpsed the power of Zot.
 81482 | Tomb:1   | Touched by the power of Zot.
 81483 | Tomb:1   | Glimpsed the power of Zot.
 81977 | Tomb:1   | Glimpsed the power of Zot.
 82373 | Tomb:1   | Glimpsed the power of Zot.
 82470 | Tomb:1   | Touched by the power of Zot.
 82471 | Tomb:1   | Glimpsed the power of Zot.
 82965 | Tomb:1   | Glimpsed the power of Zot.
 83361 | Tomb:1   | Glimpsed the power of Zot.
 83458 | Tomb:1   | Touched by the power of Zot.
 83459 | Tomb:1   | Glimpsed the power of Zot.
 83953 | Tomb:1   | Glimpsed the power of Zot.
 84349 | Tomb:1   | Glimpsed the power of Zot.
 84446 | Tomb:1   | Touched by the power of Zot.
 84447 | Tomb:1   | Glimpsed the power of Zot.
 84941 | Tomb:1   | Glimpsed the power of Zot.
 85337 | Tomb:1   | Glimpsed the power of Zot.
 85434 | Tomb:1   | Touched by the power of Zot.
 85435 | Tomb:1   | Glimpsed the power of Zot.
 85869 | Tomb:2   | 85869 ||| PLANNING DEPTHS
 85883 | Tomb:2   | Quit the game

Levels and vault maps discovered:
D:1:      minmay_arrival_solitary_statue, layout_loops_corners
D:2:      layout_basic, basic_altar
D:3:      layout_rooms, chequers_temple_overflow_statue_of_worship,
          dreamdust_ecumenical_altar_grove, minmay_joined_circles, uniq_jessica,
          uniq_natasha
D:4:      layout_loops_ring, nicolae_shop_gadgets
D:5:      layout_loops_ring, mainiacjoe_overflow_cross_hatched,
          gammafunk_temple_overflow_elements, minmay_temple_entry_nine_rooms,
          minmay_quadrilaterals
D:6:      kennysheep_slugbush, layout_loops_ring, ebering_ghost_sewer_d
D:7:      layout_layer_cave, enter_ossuary_5, nicolae_shop_sticking_my_neck_out,
          uniq_prince_ribbit1
D:8:      layout_cave_pools, enter_bailey_3
D:9:      layout_gridville, minmay_shop_chei
D:10:     layout_roguey, mainiacjoe_overflow_boulevard,
          mainiacjoe_overflow_catwalk, erik_lair_orcish_takeover,
          ebering_ghost_reflecting_pool
D:11:     layout_grid_maze, hiddenorc2_lemuel
D:12:     layout_loops_cross, lemuel_flame_loot_1, uniq_frances
D:13:     layout_grid_maze, hangedman_fish_farm
D:14:     layout_irregular_city, david_vaults_4, serial_shops,
          nicolae_shop_rolling_square, serial_bayou_pond_a, enter_trove_2,
          uniq_nessos, uniq_jorgrun
D:15:     gammafunk_depths_entry_grave, layout_basic, bh_walls_and_bars
Temple:   nicolae_temple_figure_eight
Lair:1:   minmay_lair_oklob_tunnel, layout_cave_shapes, serial_forest,
          infiniplex_forest_straight_5, infiniplex_forest_clump_diagonal,
          infiniplex_forest_lined_2, infiniplex_forest_end_1,
          infiniplex_forest_lined_room_2, infiniplex_forest_lined_corner,
          infiniplex_forest_clump_medium, dreamdust_mushroom_princess,
          lemuel_fruit_fields, grunt_megastairs_3, uniq_grum
Lair:2:   layout_regular_city, elwin_shoals_entry_rocks,
          minmay_snake_entry_guardpost_small, gammafunk_ghost_wrathful_warriors,
          serial_bayou_shore_b, lemuel_fruit_tree
Lair:3:   layout_regular_city
Lair:4:   beast_lair_carwin_large_2, layout_hall_layers,
          dpeg_slime_entry_enclosed, minmay_lindwurm_lava, grunt_megastairs_1
Lair:5:   hangedman_lair_in_review, layout_gridlike, wormcave,
          hangedman_lair_unloving_vines
Shoals:1: layout_shoals
Shoals:2: layout_shoals, uniq_mlioglotl
Shoals:3: layout_shoals, serial_shops, shop, shop, shop, shop
Shoals:4: shoals_end_simple, layout_shoals, lightli_airlock
Snake:1:  layout_layer_cave, basic_altar
Snake:2:  layout_concentric_octagons, basic_altar,
          nicolae_snake_the_dead_are_slithering, minmay_shop_grove, uniq_vashnia
Snake:3:  layout_misc_corridors, uniq_aizul
Snake:4:  minmay_snake_end_coiled, layout_onion, serial_shops, shop,
          minmay_shoptagon, uniq_nikola
Slime:1:  layout_caves
Slime:2:  layout_caves, cheibrodos_slime_lost_civilization_5
Slime:3:  layout_caves
Slime:4:  layout_caves, nicolae_slime_barrier
Slime:5
Orc:1:    layout_caves, basic_altar, minmay_orc_temple_a
Orc:2:    pf_orc_diabolical, layout_diamond_mine, basic_altar, led_sif_book,
          uniq_azrael, uniq_erolcha, uniq_maurice
Vaults:1: v_misc_8, nicolae_vaults_inception_network, nicolae_vaults_house_1,
          nicolae_vaults_windows_and_doors_thing, vaults_room_pools,
          vaults_room_boxed, nicolae_vaults_storage_closets_1,
          nicolae_vaults_surprise_closet, grunt_vaults_hallway_short,
          nicolae_vaults_tetromino_L_1, layout_vaults_omnibox
Vaults:2: nicolae_vaults_door_testing_chamber, nicolae_vaults_steering_wheel,
          ontoclasm_vaults_loading_screen, ontoclasm_vaults_decontamination,
          nicolae_vaults_wine_cellar, nicolae_vaults_surprise_closet,
          ontoclasm_vaults_chip, v_alt_pattern_6, v_alt_pattern_3,
          nicolae_vaults_trapezoid_lopsided_1, vaults_dpeg_cross,
          nicolae_vaults_security_offices_6, vaults_dpeg_encased_lava,
          nicolae_vaults_theta, layout_vaults_big_cross, serial_shops,
          nicolae_shop_window_shopping
Vaults:3: minmay_crypt_entry_vampire_xt, v_misc_24,
          nicolae_vaults_surprise_closet, v_misc_5, nicolae_vaults_house_3,
          nicolae_vaults_rhombus_7, nicolae_vaults_trapezoid_lopsided_1,
          vaults_room_door_ring, layout_vaults_chaotic_city
Vaults:4: nicolae_vaults_network_s, v_misc_27, nicolae_vaults_two_Ls,
          hangedman_vaults_trim, v_misc_26, v_alt_pattern_6,
          grunt_vaults_hallway_long, vaults_room_door_ring,
          nicolae_vaults_tetromino_L_1, nicolae_vaults_taking_the_gang_shopping,
          layout_vaults_quadrants, serial_shops, bzr_entry_safe, shop, shop,
          nicolae_shop_industrial_runoff, nicolae_shop_just_a_little_nook,
          uniq_donald, uniq_saint_roka
Vaults:5
Crypt:1:  layout_rooms, nicolae_crypt_niches
Crypt:2:  layout_catacombs, corexii_hall_statues_s, lemuel_dead_fish_pool
Crypt:3:  david_glass_crypt, layout_basic, infiniplex_enter_wizlab_glasses,
          uniq_boris
Tomb:1
Tomb:2
Tomb:3
Depths:1: layout_cave_shapes, grunt_mini_vestibule,
          nicolae_qazlal_general_emergency, rand_demon_pan_entry_7,
          hangedman_stitches_earthworm, uniq_asterion
Depths:2: minmay_textured_paths, layout_cave_shapes, good_gods_mini_temple,
          pf_coc_iceberg, serial_shops, nicolae_take_the_stairs, pan_entry
Depths:3: minmay_octo_star, layout_basic, enter_ziggurat_d,
          pf_hell_entry_tar_spiral, abyss_entry_small_statue_room, serial_shops,
          shop, minmay_misc_feat_cross, chequers_serial_rivers_small_b,
          infiniplex_staircase_zigzag_5
Depths:4: grunt_x_marks_the_spot, layout_cave_pools, grunt_hell_entry_dis_old,
          lemuel_crystal_altar, okawaru_ov_weapons_minmay
Zot:1:    layout_onion_interference, uniq_grunn
Zot:2:    layout_basic, grunt_megastairs_2
Zot:3:    layout_gridlike, uniq_tiamat
Zot:4:    kennysheep_ambush_hall, layout_concentric_octagons,
          grunt_megastairs_5, uniq_josephina

Skill      XL: |  1  2  3  4  5  6  7  8  9 10 11 12 13 14 15 16 17 18 19 20 21 22 23 24 25 26 27 |
---------------+----------------------------------------------------------------------------------+-----
Axes           | 2 3 4 5 6 7 8 10 11 12 14 15 17 18 | 18.0
Shields        | 4 5 6 8 9 10 11 12 13 14 15 16 18 19 20 21 22 | 22.2
Dodging        | 1 2 3 4 5 6 7 9 10 11 | 11.0
Fighting       | 4 5 6 7 8 9 10 12 14 16 17 19 20 22 24 26 | 26.6
Armour         | 4 5 7 8 9 10 11 16 19 20 21 22 26 | 26.1
Invocations    | 3 4 8 10 12 18 | 18.3
Throwing       | 1 5 6 7 10 11 12 | 12.0

Action                     |  1- 3 |  4- 6 |  7- 9 | 10-12 | 13-15 | 16-18 | 19-21 | 22-24 | 25-27 || total
---------------------------+-------+-------+-------+-------+-------+-------+-------+-------+-------++-------
  Melee: War axe           |   125 |   126 |   154 |   321 |     1 |       |       |       |       ||   727
         Flail             |       |       |       |     8 |    21 |       |       |       |       ||    29
         Broad axe         |       |       |       |   123 |   682 |  1160 |  1035 |   782 |  1947 ||  5729
         Morningstar       |       |       |       |       |     7 |       |       |       |       ||     7
         Headbutt          |       |       |       |       |       |       |       |       |   167 ||   167
  Throw: Boomerang         |       |       |    73 |    24 |    14 |       |       |       |   216 ||   327
         Javelin           |       |       |       |       |    67 |    58 |   137 |    67 |    62 ||   391
 Invoke: Heroism           |       |       |     8 |    25 |    23 |    30 |    19 |    24 |    11 ||   140
         Finesse           |       |       |       |     1 |    11 |    13 |    10 |     8 |     2 ||    45
         Cleansing Flame   |       |       |       |       |       |       |       |       |    74 ||    74
         Summon Divine War |       |       |       |       |       |       |       |       |    14 ||    14
         Brand Weapon With |       |       |       |       |       |       |       |       |     1 ||     1
    Use: Scroll            |     4 |     7 |     8 |    13 |     5 |     5 |     6 |       |    16 ||    64
         Potion            |       |       |     4 |     3 |     1 |     1 |     2 |     1 |    26 ||    38
 Armour: Scale mail        |    36 |       |       |       |       |       |       |       |       ||    36
         Plate armour      |    34 |    70 |    64 |   205 |       |       |       |       |       ||   373
         Troll leather arm |       |       |       |     8 |   272 |   349 |    64 |       |       ||   693
         Crystal plate arm |       |       |       |       |       |       |   243 |    75 |   213 ||   531
         Gold dragon scale |       |       |       |       |       |       |       |   214 |   786 ||  1000
  Dodge: Dodged            |    47 |    24 |    43 |   133 |   227 |   543 |   311 |   254 |   889 ||  2471
  Block: Buckler           |    27 |    13 |       |       |       |       |       |       |       ||    40
         Kite shield       |       |    16 |    52 |   234 |   338 |   598 |   210 |       |       ||  1448
         Tower shield      |       |       |       |       |       |       |   517 |   556 |  1877 ||  2950

Table legend:
 A = Non-vault XP
 B = Vault XP
 C = Vault XP percentage of total XP
 D = Non-vault monster count
 E = Vault monster count
 F = Vault count percentage of total count
                 A         B        C        D         E       F
            +---------+---------+-------+---------+---------+-------
      Total |  794266 |  643468 |  44.8 |    1455 |     862 |  37.2
            +---------+---------+-------+---------+---------+-------
        D:1 |      34 |       0 |   0.0 |      22 |       0 |   0.0
        D:2 |      29 |       0 |   0.0 |      15 |       0 |   0.0
        D:3 |     121 |      89 |  42.4 |      14 |      13 |  48.1
        D:4 |     330 |       0 |   0.0 |      22 |       0 |   0.0
        D:5 |     863 |     334 |  27.9 |      28 |       6 |  17.6
        D:6 |     812 |      32 |   3.8 |      12 |       8 |  40.0
        D:7 |    1592 |     277 |  14.8 |      18 |       1 |   5.3
        D:8 |    1418 |       8 |   0.6 |      19 |       4 |  17.4
        D:9 |    4043 |       0 |   0.0 |      35 |       0 |   0.0
       D:10 |     651 |     588 |  47.5 |      10 |       8 |  44.4
       D:11 |    4028 |     231 |   5.4 |       9 |      30 |  76.9
       D:12 |    8818 |    1587 |  15.3 |      31 |       1 |   3.1
       D:13 |    9320 |     286 |   3.0 |      21 |       1 |   4.5
       D:14 |    6205 |    4021 |  39.3 |      10 |       4 |  28.6
       D:15 |    8374 |    4928 |  37.0 |      19 |       8 |  29.6
     Lair:1 |    2334 |    3958 |  62.9 |      11 |      15 |  57.7
     Lair:2 |    7716 |     667 |   8.0 |      25 |       4 |  13.8
     Lair:3 |    5042 |       0 |   0.0 |      21 |       0 |   0.0
     Lair:4 |    2538 |    5896 |  69.9 |      10 |      11 |  52.4
     Lair:5 |   18727 |   17358 |  48.1 |      47 |      38 |  44.7
   Shoals:1 |   11757 |       0 |   0.0 |      21 |       0 |   0.0
   Shoals:2 |   15870 |    1660 |   9.5 |      36 |       1 |   2.7
   Shoals:3 |   13185 |       0 |   0.0 |      29 |       0 |   0.0
   Shoals:4 |   10536 |   25170 |  70.5 |      23 |      43 |  65.2
    Snake:1 |   21879 |       0 |   0.0 |      44 |       0 |   0.0
    Snake:2 |   14675 |   10981 |  42.8 |      33 |      26 |  44.1
    Snake:3 |   15254 |    1250 |   7.6 |      31 |       1 |   3.1
    Snake:4 |    8567 |   22449 |  72.4 |      14 |      35 |  71.4
    Slime:1 |    4457 |       0 |   0.0 |      12 |       0 |   0.0
    Slime:2 |    4140 |       0 |   0.0 |      11 |       0 |   0.0
    Slime:3 |    2636 |       0 |   0.0 |       4 |       0 |   0.0
    Slime:4 |    5092 |       0 |   0.0 |       7 |       0 |   0.0
    Slime:5 |   11427 |   24249 |  68.0 |      30 |      17 |  36.2
      Orc:1 |    2113 |     133 |   5.9 |      21 |       7 |  25.0
      Orc:2 |    2877 |   20407 |  87.6 |      19 |      71 |  78.9
   Vaults:1 |   15165 |   26491 |  63.6 |      22 |      37 |  62.7
   Vaults:2 |   24653 |   20958 |  45.9 |      34 |      32 |  48.5
   Vaults:3 |   29151 |    3714 |  11.3 |      44 |       6 |  12.0
   Vaults:4 |   23109 |   20155 |  46.6 |      30 |      31 |  50.8
   Vaults:5 |   25735 |  106853 |  80.6 |      42 |      90 |  68.2
    Crypt:1 |   31963 |       0 |   0.0 |      50 |       0 |   0.0
    Crypt:2 |   13199 |    1468 |  10.0 |      22 |       4 |  15.4
    Crypt:3 |   35735 |   12864 |  26.5 |      53 |       9 |  14.5
     Tomb:1 |    7368 |   79840 |  91.6 |      16 |      54 |  77.1
     Tomb:2 |   17953 |   38528 |  68.2 |      39 |      44 |  53.0
     Tomb:3 |   14693 |   54623 |  78.8 |      36 |      59 |  62.1
   Depths:1 |   53496 |   16398 |  23.5 |      71 |      20 |  22.0
   Depths:2 |   45161 |   14622 |  24.5 |      49 |      10 |  16.9
   Depths:3 |   29064 |   25106 |  46.3 |      30 |      13 |  30.2
   Depths:4 |   35030 |   19037 |  35.2 |      39 |      17 |  30.4
      Zot:1 |   47594 |       0 |   0.0 |      46 |       0 |   0.0
      Zot:2 |   26430 |    1062 |   3.9 |      23 |       2 |   8.0
      Zot:3 |   32117 |   18410 |  36.4 |      25 |      13 |  34.2
      Zot:4 |   59190 |   14918 |  20.1 |      50 |      15 |  23.1
    Ossuary |       0 |      21 | 100.0 |       0 |      19 | 100.0
     WizLab |       0 |   21841 | 100.0 |       0 |      34 | 100.0
            +---------+---------+-------+---------+---------+-------
